Workbook
Name NRELATORIOS: COUNTA(#REF!)-2
Name RelatoriosFontes: OFFSET(#REF!,1,0,NRELATORIOS)
Name RelatoriosFontes: OFFSET(#REF!,1,0,NRELATORIOS)

Sheet ORÇAMENTO
I2: Cruzeiro do Sul/RS, janeiro de 2022
G4: TOMADOR: | I4: PREFEITURA MUNICIPAL DE CRUZEIRO DO SUL
G5: NOME DA OBRA: | I5: LINHA SÍTIO
G6: ÁREA TOTAL: | I6: =D20 -> 1376.59 | J6: m²
A7: CRUZEIRO DO SUL/RS | G7: TIPO DE OBRA: | I7: CONSTRUÇÃO DE FERROVIAS E RODOVIAS
A8: LINHA SÍTIO | G8: CONTRIBUIÇÃO PREVIDENCIÁRIA: | I8: ORÇAMENTO SEM A DESONERAÇÂO PREVISTA NA LEI 12.844/2013
G9: BDI: | I9: 0.2423
G10: ENCARGOS SOCIAIS SOBRE PREÇOS DA MÃO-DE-OBRA: 110,61% (HORA) 68,86% (MÊS)
A13: PLANILHA ORÇAMENTÁRIA
A15: ITEM | B15: SERVIÇOS | C15: UNID. | D15: QUANTIDADE | E15: MATERIAL | F15: MÃO DE OBRA | G15: TOTAL UNIT. | H15: MATERIAL | I15: MÃO DE OBRA | J15: TOTAL | K15: REF. TÉCNICA SINAPI AGO/2021 SICRO JAN/21 | T15: MAT. | U15: M.O.
L16: JUNHO | M16: JULHO | N16: AGOSTO
A18: 1 | B18: SERVIÇOS INICIAIS | L18: 1.2423 | N18: 1.2423
A19: 1.1 | B19: IMPLANTAÇÃO DE PLACA DE OBRA (1,20X2,40M) | C19: unid | D19: =SUMIF($A$69:$A$194,A19,$D$69:$D$194) -> 1 | E19: =G19-F19 -> 2327.2 | F19: =TRUNC(G19*U19,2) -> 581.8 | G19: 2909 | H19: =SUMIF($A$69:$A$191,A19,$H$69:$H$190) -> 2327.2 | I19: =SUMIF($A$69:$A$191,A19,$I$69:$I$190) -> 581.8 | J19: =SUMIF($A$69:$A$191,A19,$J$69:$J$190) -> 2909 | K19: CPU 01 | L19: 2019.18 | N19: =CPU!H12 -> 2235.7 | U19: 0.2
A20: 1.2 | B20: SERVIÇOS TOPOGRÁFICOS PARA PAVIMENTAÇÃO | C20: m² | D20: =SUMIF($A$69:$A$194,A20,$D$69:$D$194) -> 1376.59 | E20: =G20-F20 -> 0.15 | F20: =TRUNC(G20*U20,2) -> 0.6 | G20: 0.75 | H20: =SUMIF($A$69:$A$191,A20,$H$69:$H$190) -> 206.49 | I20: =SUMIF($A$69:$A$191,A20,$I$69:$I$190) -> 825.95 | J20: =SUMIF($A$69:$A$191,A20,$J$69:$J$190) -> 1032.44 | K20: CPU 02 | L20: 0.53 | N20: =CPU!H28 -> 0.53 | U20: 0.8
A21: 1.3 | B21: MOBILIZAÇÃO E DESMOBILIZAÇÃO DE EQUIPAMENTOS | C21: unid | D21: =SUMIF($A$69:$A$194,A21,$D$69:$D$194) -> 1 | E21: =G21-F21 -> 2637.4 | F21: =TRUNC(G21*U21,2) -> 659.34 | G21: 3296.74 | H21: =SUMIF($A$69:$A$191,A21,$H$69:$H$190) -> 2637.4 | I21: =SUMIF($A$69:$A$191,A21,$I$69:$I$190) -> 659.34 | J21: =SUMIF($A$69:$A$191,A21,$J$69:$J$190) -> 3296.74 | K21: CPU 03 | L21: 6984.42 | N21: ='MOBILIZAÇÃO-CPU '!I47 -> 8381.304 | U21: 0.2
A22: 1.4 | B22: ADMINISTRAÇÃO LOCAL DE OBRA | C22: mês | D22: lore | E22: =G22-F22 -> 2759.9 | F22: =TRUNC(G22*U22,2) -> 11039.56 | G22: 13799.46 | H22: =SUMIF($A$69:$A$191,A22,$H$69:$H$190) -> 5519.8 | I22: =SUMIF($A$69:$A$191,A22,$I$69:$I$190) -> 22079.12 | J22: =SUMIF($A$69:$A$191,A22,$J$69:$J$190) -> 27598.92 | K22: CPU 04 | L22: 8742.72 | N22: ='ADM LOCAL-CPU'!J23 -> 8775.04 | U22: 0.8
A23: =CONCATENATE("TOTAL DO ITEM ",A18," - ",B18) -> TOTAL DO ITEM 1 - SERVIÇOS INICIAIS | H23: =SUM(H19:H22) -> 10690.89 | I23: =SUM(I19:I22) -> 24146.21 | J23: =SUM(J19:J22) -> 34837.1
A24: 2 | B24: TERRAPLENAGEM
A25: 2.1 | B25: ESCAVAÇÃO HORIZONTAL, INCLUINDO CARGA, DESCARGA E TRANSPORTE EM SOLO DE 1A CATEGORIA COM TRATOR DE ESTEIRAS (125HP/LÂMINA: 2,70M3) E CAMINHÃO BASCULANTE DE 10M3, DMT ATÉ 200M. AF_07/2020 | C25: m³ | D25: =SUMIF($A$69:$A$194,A25,$D$69:$D$194) -> 351.5 | E25: =G25-F25 -> 11.85 | F25: =TRUNC(G25*U25,2) -> 2.25 | G25: =ROUND(N25*$N$18,2) -> 14.1 | H25: =SUMIF($A$69:$A$191,A25,$H$69:$H$190) -> 4165.27 | I25: =SUMIF($A$69:$A$191,A25,$I$69:$I$190) -> 790.87 | J25: =SUMIF($A$69:$A$191,A25,$J$69:$J$190) -> 4956.14 | K25: 101138 | L25: 10.87 | N25: 11.35 | U25: 0.16
A26: 2.2 | B26: TRANSPORTE COM CAMINHÃO BASCULANTE DE 10 M³, EM VIA URBANA EM REVESTIMENTO PRIMÁRIO, DMT 1,0 KM (UNIDADE: M3XKM). AF_07/2020 | C26: m³ x km | D26: =SUMIF($A$69:$A$194,A26,$D$69:$D$194) -> 439.38 | E26: =G26-F26 -> 2 | F26: =TRUNC(G26*U26,2) -> 0.17 | G26: 2.17 | H26: =SUMIF($A$69:$A$191,A26,$H$69:$H$190) -> 878.76 | I26: =SUMIF($A$69:$A$191,A26,$I$69:$I$190) -> 74.69 | J26: =SUMIF($A$69:$A$191,A26,$J$69:$J$190) -> 953.45 | K26: 93589 | L26: 1.74 | N26: 1.9 | P26: 13.3 | U26: 0.08
A27: 2.3 | B27: REMOÇÃO DE SOLOS MOLES PARA ATÉ 600 MCS | C27: m³ | D27: =SUMIF($A$69:$A$194,A27,$D$69:$D$194) -> 50 | E27: =G27-F27 -> 10.86 | F27: =TRUNC(G27*U27,2) -> 2.06 | G27: =ROUND(N27*$N$18,2) -> 12.92 | H27: =SUMIF($A$69:$A$191,A27,$H$69:$H$190) -> 543 | I27: =SUMIF($A$69:$A$191,A27,$I$69:$I$190) -> 103 | J27: =SUMIF($A$69:$A$191,A27,$J$69:$J$190) -> 646 | K27: sicro 5502927 | N27: 10.4 | U27: 0.16
A28: 2.4 | B28: AQUISIÇÃO DE ARGILA PROVENIENTE DE JAZIDA | C28: m³ | D28: =SUMIF($A$69:$A$194,A28,$D$69:$D$194) -> 50 | E28: =G28-F28 -> 19.23 | F28: =TRUNC(G28*U28,2) -> 3.66 | G28: 22.89 | H28: =SUMIF($A$69:$A$191,A28,$H$69:$H$190) -> 961.5 | I28: =SUMIF($A$69:$A$191,A28,$I$69:$I$190) -> 183 | J28: =SUMIF($A$69:$A$191,A28,$J$69:$J$190) -> 1144.5 | K28: 6077 | N28: 16.76 | U28: 0.16
A29: 2.5 | B29: TRANSPORTE COM CAMINHÃO BASCULANTE DE 10 M³, EM VIA URBANA EM REVESTIMENTO PRIMÁRIO, DMT 15,40 KM (UNIDADE: M3XKM). AF_07/2020 | C29: m³ x km | D29: =SUMIF($A$69:$A$194,A29,$D$69:$D$194) -> 962.5 | E29: =G29-F29 -> 2 | F29: =TRUNC(G29*U29,2) -> 0.17 | G29: 2.17 | H29: =SUMIF($A$69:$A$191,A29,$H$69:$H$190) -> 1925 | I29: =SUMIF($A$69:$A$191,A29,$I$69:$I$190) -> 163.62 | J29: =SUMIF($A$69:$A$191,A29,$J$69:$J$190) -> 2088.62 | K29: 93589 | L29: 1.74 | N29: 1.9 | P29: 15.4 | U29: 0.08
A30: 2.6 | B30: EXECUÇÃO E COMPACTAÇÃO DE ATERRO COM SOLO PREDOMINANTEMENTE ARGILOSO - EXCLUSIVE SOLO, ESCAVAÇÃO, CARGA E TRANSPORTE. AF_11/2019 | C30: m³ | D30: =SUMIF($A$69:$A$194,A30,$D$69:$D$194) -> 50 | E30: =G30-F30 -> 10.33 | F30: =TRUNC(G30*U30,2) -> 1.96 | G30: 12.29 | H30: =SUMIF($A$69:$A$191,A30,$H$69:$H$190) -> 516.5 | I30: =SUMIF($A$69:$A$191,A30,$I$69:$I$190) -> 98 | J30: =SUMIF($A$69:$A$191,A30,$J$69:$J$190) -> 614.5 | K30: 96385 | N30: 8.78 | U30: 0.16
A31: 2.7 | B31: REGULARIZAÇÃO E COMPACTAÇÃO DE SUBLEITO DE SOLO PREDOMINANTEMENTE ARGILOSO. AF_11/2019 | C31: m² | D31: =SUMIF($A$69:$A$194,A31,$D$69:$D$194) -> 1705.39 | E31: =G31-F31 -> 2.22 | F31: =TRUNC(G31*U31,2) -> 0.42 | G31: 2.64 | H31: =SUMIF($A$69:$A$191,A31,$H$69:$H$190) -> 3785.97 | I31: =SUMIF($A$69:$A$191,A31,$I$69:$I$190) -> 716.25 | J31: =SUMIF($A$69:$A$191,A31,$J$69:$J$190) -> 4502.22 | K31: 100576 | L31: 1.74 | N31: 1.89 | U31: 0.16
A32: =CONCATENATE("TOTAL DO ITEM ",A24," - ",B24) -> TOTAL DO ITEM 2 - TERRAPLENAGEM | H32: =SUM(H25:H31) -> 12776 | I32: =SUM(I25:I31) -> 2129.43 | J32: =SUM(J25:J31) -> 14905.43
A33: 3 | B33: DRENAGEM
A34: 3.1 | B34: ESCAVAÇÃO MECANIZADA DE VALA COM PROF. ATÉ 1,5 M(MÉDIA ENTRE MONTANTE E JUSANTE/UMA COMPOSIÇÃO POR TRECHO), COM ESCAVADEIRA HIDRÁULICA (0,8 M3), LARG. DE 1,5M A 2,5 M, EM SOLO DE 1A CATEGORIA, LOCAIS COM BAIXO NÍVEL DE INTERFERÊNCIA. AF_02/2021 | C34: m³ | D34: =SUMIF($A$69:$A$194,A34,$D$69:$D$194) -> 61.44 | E34: =G34-F34 -> 6.2 | F34: =TRUNC(G34*U34,2) -> 1.17 | G34: =ROUND(N34*$N$18,2) -> 7.37 | H34: =SUMIF($A$69:$A$191,A34,$H$69:$H$190) -> 380.93 | I34: =SUMIF($A$69:$A$191,A34,$I$69:$I$190) -> 71.88 | J34: =SUMIF($A$69:$A$191,A34,$J$69:$J$190) -> 452.81 | K34: 90106 | N34: 5.93 | U34: 0.16
A35: 3.2 | B35: TRANSPORTE COM CAMINHÃO BASCULANTE DE 10 M³, EM VIA URBANA EM REVESTIMENTO PRIMÁRIO, DMT 13,30 KM (UNIDADE: M3XKM). AF_07/2020 | C35: m³ x km | D35: =SUMIF($A$69:$A$194,A35,$D$69:$D$194) -> 10.41 | E35: =G35-F35 -> 2 | F35: =TRUNC(G35*U35,2) -> 0.17 | G35: 2.17 | H35: =SUMIF($A$69:$A$191,A35,$H$69:$H$190) -> 20.82 | I35: =SUMIF($A$69:$A$191,A35,$I$69:$I$190) -> 1.76 | J35: =SUMIF($A$69:$A$191,A35,$J$69:$J$190) -> 22.58 | K35: 93589 | N35: 1.9 | P35: 13.3 | U35: 0.08
A36: 3.3 | B36: LASTRO DE BRITA PARA ASSENTAMENTO DOS TUBOS, EXCLUSIVE TRANPORTE | C36: m³ | D36: =SUMIF($A$69:$A$194,A36,$D$69:$D$194) -> 4.6 | E36: =G36-F36 -> 103.81 | F36: =TRUNC(G36*U36,2) -> 19.77 | G36: 123.58 | H36: =SUMIF($A$69:$A$191,A36,$H$69:$H$190) -> 477.52 | I36: =SUMIF($A$69:$A$191,A36,$I$69:$I$190) -> 90.94 | J36: =SUMIF($A$69:$A$191,A36,$J$69:$J$190) -> 568.46 | K36: 96624 | N36: 91.4 | U36: 0.16
A37: 3.4 | B37: TRANSPORTE COM CAMINHÃO BASCULANTE DE 10 M³, EM VIA URBANA PAVIMENTADA, DMT 26,30 KM (UNIDADE: M3XKM). AF_07/2020 | C37: m³ x km | D37: =SUMIF($A$69:$A$194,A37,$D$69:$D$194) -> 136.71 | E37: =G37-F37 -> 2 | F37: =TRUNC(G37*U37,2) -> 0.17 | G37: =ROUND(N37*$N$18,2) -> 2.17 | H37: =SUMIF($A$69:$A$191,A37,$H$69:$H$190) -> 273.42 | I37: =SUMIF($A$69:$A$191,A37,$I$69:$I$190) -> 23.23 | J37: =SUMIF($A$69:$A$191,A37,$J$69:$J$190) -> 296.65 | K37: 95875 | L37: 1.67 | N37: 1.75 | P37: 24 | U37: 0.08
A38: 3.5 | B38: TUBO DE CONCRETO SIMPLES PARA AGUAS PLUVIAIS, CLASSE PS-1, COM ENCAIXE MACHO FÊMEA, DIAMETRO NOMINAL DE 400 MM | C38: m | D38: =SUMIF($A$69:$A$194,A38,$D$69:$D$194) -> 24 | E38: =G38-F38 -> 57.74 | F38: =TRUNC(G38*U38,2) -> 0 | G38: =ROUND(N38*$N$18,2) -> 57.74 | H38: =SUMIF($A$69:$A$191,A38,$H$69:$H$190) -> 1385.76 | I38: =SUMIF($A$69:$A$191,A38,$I$69:$I$190) -> 0 | J38: =SUMIF($A$69:$A$191,A38,$J$69:$J$190) -> 1385.76 | K38: 37451 | N38: 46.48 | U38: 0
A39: 3.6 | B39: TUBO DE CONCRETO ARMADO PARA AGUAS PLUVIAIS, CLASSE PA-1, COM ENCAIXE MACHO FÊMEA, DIAMETRO NOMINAL DE 400 MM | C39: m | D39: =SUMIF($A$69:$A$194,A39,$D$69:$D$194) -> 22 | E39: =G39-F39 -> 118.76 | F39: =TRUNC(G39*U39,2) -> 0 | G39: =ROUND(N39*$N$18,2) -> 118.76 | H39: =SUMIF($A$69:$A$191,A39,$H$69:$H$190) -> 2612.72 | I39: =SUMIF($A$69:$A$191,A39,$I$69:$I$190) -> 0 | J39: =SUMIF($A$69:$A$191,A39,$J$69:$J$190) -> 2612.72 | K39: 7745 | N39: 95.6 | U39: 0
A40: 3.7 | B40: ASSENTAMENTO DE TUBO DE CONCRETO PARA REDES COLETORAS DE ÁGUAS PLUVIAIS, DIÂMETRO DE 400 MM, JUNTA RÍGIDA, INSTALADO EM LOCAL COM BAIXO NÍVEL DE INTERFERÊNCIAS (NÃO INCLUI FORNECIMENTO). AF_12/2015 | C40: m | D40: =SUMIF($A$69:$A$194,A40,$D$69:$D$194) -> 46 | E40: =G40-F40 -> 0 | F40: =TRUNC(G40*U40,2) -> 58.08 | G40: =ROUND(N40*$N$18,2) -> 58.08 | H40: =SUMIF($A$69:$A$191,A40,$H$69:$H$190) -> 0 | I40: =SUMIF($A$69:$A$191,A40,$I$69:$I$190) -> 2671.68 | J40: =SUMIF($A$69:$A$191,A40,$J$69:$J$190) -> 2671.68 | K40: 92809 | N40: 46.75 | U40: 1
A41: 3.8 | B41: REATERRO MECANIZADO DE VALA COM ESCAVADEIRA HIDRÁULICA (CAPACIDADE DA CAÇAMBA: 0,8 M³ / POTÊNCIA: 111 HP), LARGURA ATÉ 1,5 M, PROFUNDIDADE DE 1,5 A 3,0 M, COM SOLO DE 1ª CATEGORIA EM LOCAIS COM BAIXO NÍVEL DE INTERFERÊNCIA. AF_04/2016 | C41: m³ | D41: =SUMIF($A$69:$A$194,A41,$D$69:$D$194) -> 53.11 | E41: =G41-F41 -> 19.64 | F41: =TRUNC(G41*U41,2) -> 3.74 | G41: 23.38 | H41: =SUMIF($A$69:$A$191,A41,$H$69:$H$190) -> 1043.09 | I41: =SUMIF($A$69:$A$191,A41,$I$69:$I$190) -> 198.62 | J41: =SUMIF($A$69:$A$191,A41,$J$69:$J$190) -> 1241.71 | K41: 93368 | N41: 14.71 | U41: 0.16
A42: 3.9 | B42: CAIXA COLETORA COM PAREDES EM PEDRA GRÊS, 0,80x0,80, COM FUNDO E TAMPA DE CONCRETO | C42: unid | D42: =SUMIF($A$69:$A$194,A42,$D$69:$D$194) -> 5 | E42: =G42-F42 -> 1557.52 | F42: =TRUNC(G42*U42,2) -> 296.66 | G42: =ROUND(N42*$N$18,2) -> 1854.18 | H42: =SUMIF($A$69:$A$191,A42,$H$69:$H$190) -> 7787.6 | I42: =SUMIF($A$69:$A$191,A42,$I$69:$I$190) -> 1483.3 | J42: =SUMIF($A$69:$A$191,A42,$J$69:$J$190) -> 9270.9 | K42: CPU 09 | N42: =CPU!H148 -> 1492.54 | U42: 0.16
A43: =CONCATENATE("TOTAL DO ITEM ",A33," - ",B33) -> TOTAL DO ITEM 3 - DRENAGEM | H43: =SUM(H34:H42) -> 13981.86 | I43: =SUM(I34:I42) -> 4541.41 | J43: =SUM(J34:J42) -> 18523.27
A44: 4 | B44: PAVIMENTAÇÃO
A45: 4.1 | B45: EXECUÇÃO E COMPACTAÇÃO DE BASE E OU SUB BASE PARA PAVIMENTAÇÃO DE MACADAME SECO (E = 15 CM) - EXCLUSIVE CARGA E TRANSPORTE. AF_11/2019 | C45: m³ | D45: =SUMIF($A$69:$A$194,A45,$D$69:$D$194) -> 241.59 | E45: =G45-F45 -> 109.35 | F45: =TRUNC(G45*U45,2) -> 14.91 | G45: 124.26 | H45: =SUMIF($A$69:$A$191,A45,$H$69:$H$190) -> 26417.87 | I45: =SUMIF($A$69:$A$191,A45,$I$69:$I$190) -> 3602.1 | J45: =SUMIF($A$69:$A$191,A45,$J$69:$J$190) -> 30019.97 | K45: 96400 | L45: 68.01 | N45: 90.53 | U45: 0.12
A46: 4.2 | B46: TRANSPORTE COM CAMINHÃO BASCULANTE DE 10 M³, EM VIA URBANA PAVIMENTADA , DMT 26,30 KM (UNIDADE: M3XKM). AF_07/2020 | C46: m³ x km | D46: =SUMIF($A$69:$A$194,A46,$D$69:$D$194) -> 6989.2 | E46: =G46-F46 -> 1.85 | F46: =TRUNC(G46*U46,2) -> 0.16 | G46: 2.01 | H46: =SUMIF($A$69:$A$191,A46,$H$69:$H$190) -> 12930.01 | I46: =SUMIF($A$69:$A$191,A46,$I$69:$I$190) -> 1118.27 | J46: =SUMIF($A$69:$A$191,A46,$J$69:$J$190) -> 14048.28 | K46: 95875 | L46: 1.67 | N46: 1.75 | P46: 26.3 | U46: 0.08
A47: 4.3 | B47: EXECUÇÃO E COMPACTAÇÃO DE BASE E OU SUB BASE PARA PAVIMENTAÇÃO DE BRITA GRADUADA SIMPLES (E = 15 CM) - EXCLUSIVE CARGA E TRANSPORTE. AF_11/2019 | C47: m³ | D47: =SUMIF($A$69:$A$194,A47,$D$69:$D$194) -> 224.04 | E47: =G47-F47 -> 120.35 | F47: =TRUNC(G47*U47,2) -> 16.41 | G47: 136.76 | H47: =SUMIF($A$69:$A$191,A47,$H$69:$H$190) -> 26963.22 | I47: =SUMIF($A$69:$A$191,A47,$I$69:$I$190) -> 3676.48 | J47: =SUMIF($A$69:$A$191,A47,$J$69:$J$190) -> 30639.7 | K47: 96396 | L47: 98.23 | N47: 99.32 | U47: 0.12
A48: 4.4 | B48: TRANSPORTE COM CAMINHÃO BASCULANTE DE 10 M³, EM VIA URBANA PAVIMENTADA , DMT 26,30 KM (UNIDADE: M3XKM). AF_07/2020 | C48: m³ x km | D48: =SUMIF($A$69:$A$194,A48,$D$69:$D$194) -> 8543.76 | E48: =G48-F48 -> 1.85 | F48: =TRUNC(G48*U48,2) -> 0.16 | G48: 2.01 | H48: =SUMIF($A$69:$A$191,A48,$H$69:$H$190) -> 15805.96 | I48: =SUMIF($A$69:$A$191,A48,$I$69:$I$190) -> 1366.99 | J48: =SUMIF($A$69:$A$191,A48,$J$69:$J$190) -> 17172.95 | K48: 95875 | L48: 1.67 | N48: 1.75 | P48: 26.3 | U48: 0.08
A49: 4.5 | B49: IMPRIMAÇÃO COM CM-30, INCLUSIVE ASFALTO E TRANSPORTE, TAXA= 0,8 L/M² A 1,6 L/M² | C49: m² | D49: =SUMIF($A$69:$A$194,A49,$D$69:$D$194) -> 1493.59 | E49: =G49-F49 -> 10.36 | F49: =TRUNC(G49*U49,2) -> 1.15 | G49: 11.51 | H49: =SUMIF($A$69:$A$191,A49,$H$69:$H$190) -> 15473.6 | I49: =SUMIF($A$69:$A$191,A49,$I$69:$I$190) -> 1717.62 | J49: =SUMIF($A$69:$A$191,A49,$J$69:$J$190) -> 17191.22 | K49: CPU 05 (96401) | L49: 7.38 | N49: =CPU!H47 -> 7.87 | U49: 0.1
A50: 4.6 | B50: EXECUÇÃO DE PINTURA DE LIGAÇÃO COM EMULSÃO ASFÁLTICA RR-2C. AF_11/2019 | C50: m² | D50: =SUMIF($A$69:$A$194,A50,$D$69:$D$194) -> 1376.59 | E50: =G50-F50 -> 3.11 | F50: =TRUNC(G50*U50,2) -> 0.34 | G50: 3.45 | H50: =SUMIF($A$69:$A$191,A50,$H$69:$H$190) -> 4281.19 | I50: =SUMIF($A$69:$A$191,A50,$I$69:$I$190) -> 468.04 | J50: =SUMIF($A$69:$A$191,A50,$J$69:$J$190) -> 4749.23 | K50: CPU 06 (96402) | L50: 2.28 | N50: =CPU!H67 -> 2.5 | U50: 0.1
A51: 4.7 | B51: CONCRETO BETUMINOSO USINADO QUENTE (C.B.U.Q.), FORNECIMENTO E EXECUÇÃO (E= 4 CM) | C51: m³ | D51: =SUMIF($A$69:$A$194,A51,$D$69:$D$194) -> 55.0636 | E51: =G51-F51 -> 1491.71 | F51: =TRUNC(G51*U51,2) -> 165.74 | G51: 1657.45 | H51: =SUMIF($A$69:$A$191,A51,$H$69:$H$190) -> 82138.93 | I51: =SUMIF($A$69:$A$191,A51,$I$69:$I$190) -> 9126.23 | J51: =SUMIF($A$69:$A$191,A51,$J$69:$J$190) -> 91265.16 | K51: CPU 07 (95995) | L51: 1153.56 | N51: =CPU!H90 -> 1214.96 | U51: 0.1
A52: 4.8 | B52: TRANSPORTE COM CAMINHÃO BASCULANTE DE 10 M³, EM VIA URBANA PAVIMENTADA , DMT 26,30 KM (UNIDADE: M3XKM). AF_07/2020 | C52: m³ x km | D52: =SUMIF($A$69:$A$194,A52,$D$69:$D$194) -> 2099.85 | E52: =G52-F52 -> 1.85 | F52: =TRUNC(G52*U52,2) -> 0.16 | G52: 2.01 | H52: =SUMIF($A$69:$A$191,A52,$H$69:$H$190) -> 3884.73 | I52: =SUMIF($A$69:$A$191,A52,$I$69:$I$190) -> 335.96 | J52: =SUMIF($A$69:$A$191,A52,$J$69:$J$190) -> 4220.69 | K52: 95875 | L52: 1.67 | N52: 1.75 | P52: 26.3 | U52: 0.08
A53: =CONCATENATE("TOTAL DO ITEM ",A44," - ",B44) -> TOTAL DO ITEM 4 - PAVIMENTAÇÃO | H53: =SUM(H45:H52) -> 187895.51 | I53: =SUM(I45:I52) -> 21411.69 | J53: =SUM(J45:J52) -> 209307.2
A54: 5 | B54: SINALIZAÇÃO
A55: 5.1 | B55: LIMPEZA DA SUPERFÍCIE PARA APLICAÇÃO DE SINALIZAÇÃO | C55: m² | D55: =SUMIF($A$69:$A$194,A55,$D$69:$D$194) -> 109.4 | E55: =G55-F55 -> 1.66 | F55: =TRUNC(G55*U55,2) -> 0.33 | G55: =ROUND(N55*$N$18,2) -> 1.99 | H55: =SUMIF($A$69:$A$191,A55,$H$69:$H$190) -> 181.6 | I55: =SUMIF($A$69:$A$191,A55,$I$69:$I$190) -> 36.09 | J55: =SUMIF($A$69:$A$191,A55,$J$69:$J$190) -> 217.69 | K55: 99814 | N55: 1.6 | R55: área | U55: 0.17
A56: 5.2 | B56: SINALIZAÇÃO HORIZONTAL TINTA ACRÍLICA, COR AMARELA OU BRANCA (L= 12 CM) | C56: m² | D56: =SUMIF($A$69:$A$194,A56,$D$69:$D$194) -> 70.2 | E56: =G56-F56 -> 28.48 | F56: =TRUNC(G56*U56,2) -> 5.83 | G56: =ROUND(N56*$N$18,2) -> 34.31 | H56: =SUMIF($A$69:$A$191,A56,$H$69:$H$190) -> 1999.3 | I56: =SUMIF($A$69:$A$191,A56,$I$69:$I$190) -> 409.25 | J56: =SUMIF($A$69:$A$191,A56,$J$69:$J$190) -> 2408.55 | K56: sicro 5213401 | L56: 27.62 | N56: 27.62 | P56: custo m² | Q56: suporte | R56: área | U56: 0.17
A57: 5.3 | B57: SINALIZAÇÃO HORIZONTAL ÁREAS ESPECIAIS | C57: m² | D57: =SUMIF($A$69:$A$194,A57,$D$69:$D$194) -> 39.2 | E57: =G57-F57 -> 40.97 | F57: =TRUNC(G57*U57,2) -> 8.39 | G57: =ROUND(N57*$N$18,2) -> 49.36 | H57: =SUMIF($A$69:$A$191,A57,$H$69:$H$190) -> 1606.02 | I57: =SUMIF($A$69:$A$191,A57,$I$69:$I$190) -> 328.88 | J57: =SUMIF($A$69:$A$191,A57,$J$69:$J$190) -> 1934.9 | K57: sicro 5213405 | L57: 32.03 | N57: 39.73 | P57: 519.75 | Q57: =ROUND(140.66*3,2) -> 421.98 | S57: Memória da cálculo das placas | U57: 0.17
A58: 5.4 | B58: PLACA TIPO R01-REGULAMENTAÇÃO (PARADA OBRIGATÓRIA) - SUPORTE METÁLICO H= 2,20M, L = 33 CM | C58: unid | D58: =SUMIF($A$69:$A$194,A58,$D$69:$D$194) -> 1 | E58: =G58-F58 -> 569.09 | F58: =TRUNC(G58*U58,2) -> 116.55 | G58: =ROUND(N58*$N$18,2) -> 685.64 | H58: =SUMIF($A$69:$A$191,A58,$H$69:$H$190) -> 569.09 | I58: =SUMIF($A$69:$A$191,A58,$I$69:$I$190) -> 116.55 | J58: =SUMIF($A$69:$A$191,A58,$J$69:$J$190) -> 685.64 | K58: 34723+21014 | L58: 495.99 | N58: =TRUNC((R58*$P$57)+($Q$57*1),2) -> 551.91 | R58: =ROUND(0.5*0.5,2) -> 0.25 | S58: Memória da cálculo das placas | U58: 0.17
A59: 5.5 | B59: PLACA TIPO A-32b PASSAGEM DE PEDESTRES - SUPORTE METÁLICO H = 2,20M, L = 50 CM | C59: unid | D59: =SUMIF($A$69:$A$194,A59,$D$69:$D$194) -> 4 | E59: =G59-F59 -> 569.09 | F59: =TRUNC(G59*U59,2) -> 116.55 | G59: =ROUND(N59*$N$18,2) -> 685.64 | H59: =SUMIF($A$69:$A$191,A59,$H$69:$H$190) -> 2276.36 | I59: =SUMIF($A$69:$A$191,A59,$I$69:$I$190) -> 466.2 | J59: =SUMIF($A$69:$A$191,A59,$J$69:$J$190) -> 2742.56 | K59: 34723+21014 | L59: 495.99 | N59: =TRUNC((R59*$P$57)+($Q$57*1),2) -> 551.91 | R59: =ROUND(0.5*0.5,2) -> 0.25 | S59: Memória da cálculo das placas | U59: 0.17
A60: 5.6 | B60: PLACA TIPO R19-REGULAMENTAÇÃO (VELOCIDADE MÁXIMA) - SUPORTE METÁLICO H= 2,20M, DIAM = 50 CM | C60: unid | D60: =SUMIF($A$69:$A$194,A60,$D$69:$D$194) -> 3 | E60: =G60-F60 -> 542.29 | F60: =TRUNC(G60*U60,2) -> 111.07 | G60: =ROUND(N60*$N$18,2) -> 653.36 | H60: =SUMIF($A$69:$A$191,A60,$H$69:$H$190) -> 1626.87 | I60: =SUMIF($A$69:$A$191,A60,$I$69:$I$190) -> 333.21 | J60: =SUMIF($A$69:$A$191,A60,$J$69:$J$190) -> 1960.08 | K60: 34723+21014 | L60: 495.99 | N60: =TRUNC((R60*$P$57)+($Q$57*1),2) -> 525.93 | R60: =ROUND(PI()*0.5^2/4,2) -> 0.2 | S60: Memória da cálculo das placas | U60: 0.17
A61: 5.7 | B61: TACHA BIDIRECIONAL | C61: unid | D61: =SUMIF($A$69:$A$194,A61,$D$69:$D$194) -> 30 | E61: =G61-F61 -> 23.96 | F61: =TRUNC(G61*U61,2) -> 4.9 | G61: =ROUND(N61*$N$18,2) -> 28.86 | H61: =SUMIF($A$69:$A$191,A61,$H$69:$H$190) -> 718.8 | I61: =SUMIF($A$69:$A$191,A61,$I$69:$I$190) -> 147 | J61: =SUMIF($A$69:$A$191,A61,$J$69:$J$190) -> 865.8 | K61: sicro 5219606 | N61: 23.23 | U61: 0.17
A62: =CONCATENATE("TOTAL DO ITEM ",A54," - ",B54) -> TOTAL DO ITEM 5 - SINALIZAÇÃO | H62: =SUM(H55:H61) -> 8978.04 | I62: =SUM(I55:I61) -> 1837.18 | J62: =SUM(J55:J61) -> 10815.22
A63: TOTAL GERAL DO ORÇAMENTO | H63: =H23+H32+H43+H53+H62 -> 234322.3 | I63: =I23+I32+I43+I53+I62 -> 54065.92 | J63: =J23+J32+J43+J53+J62 -> 288388.22 | L63: =J63/D20 -> 209.49464
A64: BDI ADOTADO = 24,23%
A65: Ref: SICRO JAN/21
A66: SINAPI AGOSTO/21 | L66: =H63/D20 -> 170.21938 | N66: =J63/D20 -> 209.49464 | O66: =H63/J63 -> 0.81252383 | P66: =I63/J63 -> 0.18747617
B68: Eng. Civil Lorenzo Schnorr Fornari | F68: Prefeitura Municipal
B69: CREA RS247702 | F69: de Cruzeiro do Sul/RS
A73: LOCAL: | B73: LINHA SÍTIO - RUA DA ESCOLA | D73: EXTENSÃO: | E73: 110 | F73: m
A74: TRECHO: | B74: ENTRE A RUA DA IGREJA E FINAL DO GINÁSIO ESPORTIVO | D74: LARGURA: | E74: 7 | F74: m
D75: ALARGAMENTO: | E75: 11.59 | F75: m²
D76: ÁREA: | E76: =ROUND(E73*E74,2)+E75 -> 781.59 | F76: m²
A77: ITEM | B77: SERVIÇOS | C77: UNID. | D77: QUANTIDADE | E77: MATERIAL | F77: MÃO DE OBRA | G77: TOTAL UNIT. | H77: MATERIAL | I77: MÃO DE OBRA | J77: TOTAL | K77: REF. TÉCNICA SINAPI AGO/2021 SICRO JAN/21
A80: 1 | B80: =VLOOKUP($A80,$A$16:$J$63,2,FALSE) -> SERVIÇOS INICIAIS
A81: 1.1 | B81: =VLOOKUP($A81,$A$16:$J$63,2,FALSE) -> IMPLANTAÇÃO DE PLACA DE OBRA (1,20X2,40M) | C81: =VLOOKUP($A81,$A$16:$J$63,3,FALSE) -> unid | D81: 1 | E81: =VLOOKUP($A81,$A$16:$J$63,5,FALSE) -> 2327.2 | F81: =VLOOKUP($A81,$A$16:$J$63,6,FALSE) -> 581.8 | G81: =VLOOKUP($A81,$A$16:$J$63,7,FALSE) -> 2909 | H81: =J81-I81 -> 2327.2 | I81: =TRUNC(D81*F81,2) -> 581.8 | J81: =TRUNC(D81*G81,2) -> 2909 | K81: =VLOOKUP($A81,$A$16:$K$63,11,FALSE) -> CPU 01
A82: 1.2 | B82: =VLOOKUP($A82,$A$16:$J$63,2,FALSE) -> SERVIÇOS TOPOGRÁFICOS PARA PAVIMENTAÇÃO | C82: =VLOOKUP($A82,$A$16:$J$63,3,FALSE) -> m² | D82: =E76 -> 781.59 | E82: =VLOOKUP($A82,$A$16:$J$63,5,FALSE) -> 0.15 | F82: =VLOOKUP($A82,$A$16:$J$63,6,FALSE) -> 0.6 | G82: =VLOOKUP($A82,$A$16:$J$63,7,FALSE) -> 0.75 | H82: =J82-I82 -> 117.24 | I82: =TRUNC(D82*F82,2) -> 468.95 | J82: =TRUNC(D82*G82,2) -> 586.19 | K82: =VLOOKUP($A82,$A$16:$K$63,11,FALSE) -> CPU 02
A83: 1.3 | B83: =VLOOKUP($A83,$A$16:$J$63,2,FALSE) -> MOBILIZAÇÃO E DESMOBILIZAÇÃO DE EQUIPAMENTOS | C83: =VLOOKUP($A83,$A$16:$J$63,3,FALSE) -> unid | D83: 1 | E83: =VLOOKUP($A83,$A$16:$J$63,5,FALSE) -> 2637.4 | F83: =VLOOKUP($A83,$A$16:$J$63,6,FALSE) -> 659.34 | G83: =VLOOKUP($A83,$A$16:$J$63,7,FALSE) -> 3296.74 | H83: =J83-I83 -> 2637.4 | I83: =TRUNC(D83*F83,2) -> 659.34 | J83: =TRUNC(D83*G83,2) -> 3296.74 | K83: =VLOOKUP($A83,$A$16:$K$63,11,FALSE) -> CPU 03
A84: 1.4 | B84: =VLOOKUP($A84,$A$16:$J$63,2,FALSE) -> ADMINISTRAÇÃO LOCAL DE OBRA | C84: =VLOOKUP($A84,$A$16:$J$63,3,FALSE) -> mês | D84: 1 | E84: =VLOOKUP($A84,$A$16:$J$63,5,FALSE) -> 2759.9 | F84: =VLOOKUP($A84,$A$16:$J$63,6,FALSE) -> 11039.56 | G84: =VLOOKUP($A84,$A$16:$J$63,7,FALSE) -> 13799.46 | H84: =J84-I84 -> 2759.9 | I84: =TRUNC(D84*F84,2) -> 11039.56 | J84: =TRUNC(D84*G84,2) -> 13799.46 | K84: =VLOOKUP($A84,$A$16:$K$63,11,FALSE) -> CPU 04
A85: =CONCATENATE("TOTAL DO ITEM ",A80," - ",B80) -> TOTAL DO ITEM 1 - SERVIÇOS INICIAIS | H85: =SUM(H81:H84) -> 7841.74 | I85: =SUM(I81:I84) -> 12749.65 | J85: =SUM(J81:J84) -> 20591.39
A86: 2 | B86: =VLOOKUP($A86,$A$16:$J$63,2,FALSE) -> TERRAPLENAGEM
A87: 2.1 | B87: =VLOOKUP($A87,$A$16:$J$63,2,FALSE) -> ESCAVAÇÃO HORIZONTAL, INCLUINDO CARGA, DESCARGA E TRANSPORTE EM SOLO DE 1A CATEGORIA COM TRATOR DE ESTEIRAS (125HP/LÂMINA: 2,70M3) E CAMINHÃO BASCULANTE DE 10M3, DMT ATÉ 200M. AF_07/2020 | C87: =VLOOKUP($A87,$A$16:$J$63,3,FALSE) -> m³ | D87: 170.04 | E87: =VLOOKUP($A87,$A$16:$J$63,5,FALSE) -> 11.85 | F87: =VLOOKUP($A87,$A$16:$J$63,6,FALSE) -> 2.25 | G87: =VLOOKUP($A87,$A$16:$J$63,7,FALSE) -> 14.1 | H87: =J87-I87 -> 2014.97 | I87: =TRUNC(D87*F87,2) -> 382.59 | J87: =TRUNC(D87*G87,2) -> 2397.56 | K87: =VLOOKUP($A87,$A$16:$K$63,11,FALSE) -> 101138
A88: 2.2 | B88: =VLOOKUP($A88,$A$16:$J$63,2,FALSE) -> TRANSPORTE COM CAMINHÃO BASCULANTE DE 10 M³, EM VIA URBANA EM REVESTIMENTO PRIMÁRIO, DMT 1,0 KM (UNIDADE: M3XKM). AF_07/2020 | C88: =VLOOKUP($A88,$A$16:$J$63,3,FALSE) -> m³ x km | D88: 212.55 | E88: =VLOOKUP($A88,$A$16:$J$63,5,FALSE) -> 2 | F88: =VLOOKUP($A88,$A$16:$J$63,6,FALSE) -> 0.17 | G88: =VLOOKUP($A88,$A$16:$J$63,7,FALSE) -> 2.17 | H88: =J88-I88 -> 425.1 | I88: =TRUNC(D88*F88,2) -> 36.13 | J88: =TRUNC(D88*G88,2) -> 461.23 | K88: =VLOOKUP($A88,$A$16:$K$63,11,FALSE) -> 93589 | O88: 13.3
A89: 2.3 | B89: =VLOOKUP($A89,$A$16:$J$63,2,FALSE) -> REMOÇÃO DE SOLOS MOLES PARA ATÉ 600 MCS | C89: =VLOOKUP($A89,$A$16:$J$63,3,FALSE) -> m³ | D89: 30 | E89: =VLOOKUP($A89,$A$16:$J$63,5,FALSE) -> 10.86 | F89: =VLOOKUP($A89,$A$16:$J$63,6,FALSE) -> 2.06 | G89: =VLOOKUP($A89,$A$16:$J$63,7,FALSE) -> 12.92 | H89: =J89-I89 -> 325.8 | I89: =TRUNC(D89*F89,2) -> 61.8 | J89: =TRUNC(D89*G89,2) -> 387.6 | K89: =VLOOKUP($A89,$A$16:$K$63,11,FALSE) -> sicro 5502927
A90: 2.4 | B90: =VLOOKUP($A90,$A$16:$J$63,2,FALSE) -> AQUISIÇÃO DE ARGILA PROVENIENTE DE JAZIDA | C90: =VLOOKUP($A90,$A$16:$J$63,3,FALSE) -> m³ | D90: 30 | E90: =VLOOKUP($A90,$A$16:$J$63,5,FALSE) -> 19.23 | F90: =VLOOKUP($A90,$A$16:$J$63,6,FALSE) -> 3.66 | G90: =VLOOKUP($A90,$A$16:$J$63,7,FALSE) -> 22.89 | H90: =J90-I90 -> 576.9 | I90: =TRUNC(D90*F90,2) -> 109.8 | J90: =TRUNC(D90*G90,2) -> 686.7 | K90: =VLOOKUP($A90,$A$16:$K$63,11,FALSE) -> 6077
A91: 2.5 | B91: =VLOOKUP($A91,$A$16:$J$63,2,FALSE) -> TRANSPORTE COM CAMINHÃO BASCULANTE DE 10 M³, EM VIA URBANA EM REVESTIMENTO PRIMÁRIO, DMT 15,40 KM (UNIDADE: M3XKM). AF_07/2020 | C91: =VLOOKUP($A91,$A$16:$J$63,3,FALSE) -> m³ x km | D91: =ROUND(D90*1.25*$O$91,2) -> 577.5 | E91: =VLOOKUP($A91,$A$16:$J$63,5,FALSE) -> 2 | F91: =VLOOKUP($A91,$A$16:$J$63,6,FALSE) -> 0.17 | G91: =VLOOKUP($A91,$A$16:$J$63,7,FALSE) -> 2.17 | H91: =J91-I91 -> 1155 | I91: =TRUNC(D91*F91,2) -> 98.17 | J91: =TRUNC(D91*G91,2) -> 1253.17 | K91: =VLOOKUP($A91,$A$16:$K$63,11,FALSE) -> 93589 | O91: 15.4
A92: 2.6 | B92: =VLOOKUP($A92,$A$16:$J$63,2,FALSE) -> EXECUÇÃO E COMPACTAÇÃO DE ATERRO COM SOLO PREDOMINANTEMENTE ARGILOSO - EXCLUSIVE SOLO, ESCAVAÇÃO, CARGA E TRANSPORTE. AF_11/2019 | C92: =VLOOKUP($A92,$A$16:$J$63,3,FALSE) -> m³ | D92: 30 | E92: =VLOOKUP($A92,$A$16:$J$63,5,FALSE) -> 10.33 | F92: =VLOOKUP($A92,$A$16:$J$63,6,FALSE) -> 1.96 | G92: =VLOOKUP($A92,$A$16:$J$63,7,FALSE) -> 12.29 | H92: =J92-I92 -> 309.9 | I92: =TRUNC(D92*F92,2) -> 58.8 | J92: =TRUNC(D92*G92,2) -> 368.7 | K92: =VLOOKUP($A92,$A$16:$K$63,11,FALSE) -> 96385
A93: 2.7 | B93: =VLOOKUP($A93,$A$16:$J$63,2,FALSE) -> REGULARIZAÇÃO E COMPACTAÇÃO DE SUBLEITO DE SOLO PREDOMINANTEMENTE ARGILOSO. AF_11/2019 | C93: =VLOOKUP($A93,$A$16:$J$63,3,FALSE) -> m² | D93: 1001.59 | E93: =VLOOKUP($A93,$A$16:$J$63,5,FALSE) -> 2.22 | F93: =VLOOKUP($A93,$A$16:$J$63,6,FALSE) -> 0.42 | G93: =VLOOKUP($A93,$A$16:$J$63,7,FALSE) -> 2.64 | H93: =J93-I93 -> 2223.53 | I93: =TRUNC(D93*F93,2) -> 420.66 | J93: =TRUNC(D93*G93,2) -> 2644.19 | K93: =VLOOKUP($A93,$A$16:$K$63,11,FALSE) -> 100576
A94: =CONCATENATE("TOTAL DO ITEM ",A86," - ",B86) -> TOTAL DO ITEM 2 - TERRAPLENAGEM | H94: =SUM(H87:H93) -> 7031.2 | I94: =SUM(I87:I93) -> 1167.95 | J94: =SUM(J87:J93) -> 8199.15
A95: 3 | B95: =VLOOKUP($A95,$A$16:$J$63,2,FALSE) -> DRENAGEM
A96: 3.1 | B96: =VLOOKUP($A96,$A$16:$J$63,2,FALSE) -> ESCAVAÇÃO MECANIZADA DE VALA COM PROF. ATÉ 1,5 M(MÉDIA ENTRE MONTANTE E JUSANTE/UMA COMPOSIÇÃO POR TRECHO), COM ESCAVADEIRA HIDRÁULICA (0,8 M3), LARG. DE 1,5M A 2,5 M, EM SOLO DE 1A CATEGORIA, LOCAIS COM BAIXO NÍVEL DE INTERFERÊNCIA. AF_02/2021 | C96: =VLOOKUP($A96,$A$16:$J$63,3,FALSE) -> m³ | D96: 9.6 | E96: =VLOOKUP($A96,$A$16:$J$63,5,FALSE) -> 6.2 | F96: =VLOOKUP($A96,$A$16:$J$63,6,FALSE) -> 1.17 | G96: =VLOOKUP($A96,$A$16:$J$63,7,FALSE) -> 7.37 | H96: =J96-I96 -> 59.52 | I96: =TRUNC(D96*F96,2) -> 11.23 | J96: =TRUNC(D96*G96,2) -> 70.75 | K96: =VLOOKUP($A96,$A$16:$K$63,11,FALSE) -> 90106
A97: 3.2 | B97: =VLOOKUP($A97,$A$16:$J$63,2,FALSE) -> TRANSPORTE COM CAMINHÃO BASCULANTE DE 10 M³, EM VIA URBANA EM REVESTIMENTO PRIMÁRIO, DMT 13,30 KM (UNIDADE: M3XKM). AF_07/2020 | C97: =VLOOKUP($A97,$A$16:$J$63,3,FALSE) -> m³ x km | D97: 2.26 | E97: =VLOOKUP($A97,$A$16:$J$63,5,FALSE) -> 2 | F97: =VLOOKUP($A97,$A$16:$J$63,6,FALSE) -> 0.17 | G97: =VLOOKUP($A97,$A$16:$J$63,7,FALSE) -> 2.17 | H97: =J97-I97 -> 4.52 | I97: =TRUNC(D97*F97,2) -> 0.38 | J97: =TRUNC(D97*G97,2) -> 4.9 | K97: =VLOOKUP($A97,$A$16:$K$63,11,FALSE) -> 93589 | O97: 13.3
A98: 3.3 | B98: =VLOOKUP($A98,$A$16:$J$63,2,FALSE) -> LASTRO DE BRITA PARA ASSENTAMENTO DOS TUBOS, EXCLUSIVE TRANPORTE | C98: =VLOOKUP($A98,$A$16:$J$63,3,FALSE) -> m³ | D98: 1 | E98: =VLOOKUP($A98,$A$16:$J$63,5,FALSE) -> 103.81 | F98: =VLOOKUP($A98,$A$16:$J$63,6,FALSE) -> 19.77 | G98: =VLOOKUP($A98,$A$16:$J$63,7,FALSE) -> 123.58 | H98: =J98-I98 -> 103.81 | I98: =TRUNC(D98*F98,2) -> 19.77 | J98: =TRUNC(D98*G98,2) -> 123.58 | K98: =VLOOKUP($A98,$A$16:$K$63,11,FALSE) -> 96624
A99: 3.4 | B99: =VLOOKUP($A99,$A$16:$J$63,2,FALSE) -> TRANSPORTE COM CAMINHÃO BASCULANTE DE 10 M³, EM VIA URBANA PAVIMENTADA, DMT 26,30 KM (UNIDADE: M3XKM). AF_07/2020 | C99: =VLOOKUP($A99,$A$16:$J$63,3,FALSE) -> m³ x km | D99: 29.72 | E99: =VLOOKUP($A99,$A$16:$J$63,5,FALSE) -> 2 | F99: =VLOOKUP($A99,$A$16:$J$63,6,FALSE) -> 0.17 | G99: =VLOOKUP($A99,$A$16:$J$63,7,FALSE) -> 2.17 | H99: =J99-I99 -> 59.44 | I99: =TRUNC(D99*F99,2) -> 5.05 | J99: =TRUNC(D99*G99,2) -> 64.49 | K99: =VLOOKUP($A99,$A$16:$K$63,11,FALSE) -> 95875 | O99: 26.3
A100: 3.5 | B100: =VLOOKUP($A100,$A$16:$J$63,2,FALSE) -> TUBO DE CONCRETO SIMPLES PARA AGUAS PLUVIAIS, CLASSE PS-1, COM ENCAIXE MACHO FÊMEA, DIAMETRO NOMINAL DE 400 MM | C100: =VLOOKUP($A100,$A$16:$J$63,3,FALSE) -> m | D100: 0 | E100: =VLOOKUP($A100,$A$16:$J$63,5,FALSE) -> 57.74 | F100: =VLOOKUP($A100,$A$16:$J$63,6,FALSE) -> 0 | G100: =VLOOKUP($A100,$A$16:$J$63,7,FALSE) -> 57.74 | H100: =J100-I100 -> 0 | I100: =TRUNC(D100*F100,2) -> 0 | J100: =TRUNC(D100*G100,2) -> 0 | K100: =VLOOKUP($A100,$A$16:$K$63,11,FALSE) -> 37451
A101: 3.6 | B101: =VLOOKUP($A101,$A$16:$J$63,2,FALSE) -> TUBO DE CONCRETO ARMADO PARA AGUAS PLUVIAIS, CLASSE PA-1, COM ENCAIXE MACHO FÊMEA, DIAMETRO NOMINAL DE 400 MM | C101: =VLOOKUP($A101,$A$16:$J$63,3,FALSE) -> m | D101: 10 | E101: =VLOOKUP($A101,$A$16:$J$63,5,FALSE) -> 118.76 | F101: =VLOOKUP($A101,$A$16:$J$63,6,FALSE) -> 0 | G101: =VLOOKUP($A101,$A$16:$J$63,7,FALSE) -> 118.76 | H101: =J101-I101 -> 1187.6 | I101: =TRUNC(D101*F101,2) -> 0 | J101: =TRUNC(D101*G101,2) -> 1187.6 | K101: =VLOOKUP($A101,$A$16:$K$63,11,FALSE) -> 7745
A102: 3.7 | B102: =VLOOKUP($A102,$A$16:$J$63,2,FALSE) -> ASSENTAMENTO DE TUBO DE CONCRETO PARA REDES COLETORAS DE ÁGUAS PLUVIAIS, DIÂMETRO DE 400 MM, JUNTA RÍGIDA, INSTALADO EM LOCAL COM BAIXO NÍVEL DE INTERFERÊNCIAS (NÃO INCLUI FORNECIMENTO). AF_12/2015 | C102: =VLOOKUP($A102,$A$16:$J$63,3,FALSE) -> m | D102: =ROUND(D100+D101,2) -> 10 | E102: =VLOOKUP($A102,$A$16:$J$63,5,FALSE) -> 0 | F102: =VLOOKUP($A102,$A$16:$J$63,6,FALSE) -> 58.08 | G102: =VLOOKUP($A102,$A$16:$J$63,7,FALSE) -> 58.08 | H102: =J102-I102 -> 0 | I102: =TRUNC(D102*F102,2) -> 580.8 | J102: =TRUNC(D102*G102,2) -> 580.8 | K102: =VLOOKUP($A102,$A$16:$K$63,11,FALSE) -> 92809
A103: 3.8 | B103: =VLOOKUP($A103,$A$16:$J$63,2,FALSE) -> REATERRO MECANIZADO DE VALA COM ESCAVADEIRA HIDRÁULICA (CAPACIDADE DA CAÇAMBA: 0,8 M³ / POTÊNCIA: 111 HP), LARGURA ATÉ 1,5 M, PROFUNDIDADE DE 1,5 A 3,0 M, COM SOLO DE 1ª CATEGORIA EM LOCAIS COM BAIXO NÍVEL DE INTERFERÊNCIA. AF_04/2016 | C103: =VLOOKUP($A103,$A$16:$J$63,3,FALSE) -> m³ | D103: =ROUND(D96-(D100*0.181+D101*0.181),2) -> 7.79 | E103: =VLOOKUP($A103,$A$16:$J$63,5,FALSE) -> 19.64 | F103: =VLOOKUP($A103,$A$16:$J$63,6,FALSE) -> 3.74 | G103: =VLOOKUP($A103,$A$16:$J$63,7,FALSE) -> 23.38 | H103: =J103-I103 -> 153 | I103: =TRUNC(D103*F103,2) -> 29.13 | J103: =TRUNC(D103*G103,2) -> 182.13 | K103: =VLOOKUP($A103,$A$16:$K$63,11,FALSE) -> 93368
A104: 3.9 | B104: =VLOOKUP($A104,$A$16:$J$63,2,FALSE) -> CAIXA COLETORA COM PAREDES EM PEDRA GRÊS, 0,80x0,80, COM FUNDO E TAMPA DE CONCRETO | C104: =VLOOKUP($A104,$A$16:$J$63,3,FALSE) -> unid | D104: 2 | E104: =VLOOKUP($A104,$A$16:$J$63,5,FALSE) -> 1557.52 | F104: =VLOOKUP($A104,$A$16:$J$63,6,FALSE) -> 296.66 | G104: =VLOOKUP($A104,$A$16:$J$63,7,FALSE) -> 1854.18 | H104: =J104-I104 -> 3115.04 | I104: =TRUNC(D104*F104,2) -> 593.32 | J104: =TRUNC(D104*G104,2) -> 3708.36 | K104: =VLOOKUP($A104,$A$16:$K$63,11,FALSE) -> CPU 09
A105: =CONCATENATE("TOTAL DO ITEM ",A95," - ",B95) -> TOTAL DO ITEM 3 - DRENAGEM | H105: =SUM(H96:H104) -> 4682.93 | I105: =SUM(I96:I104) -> 1239.68 | J105: =SUM(J96:J104) -> 5922.61
A106: 4 | B106: =VLOOKUP($A106,$A$16:$J$63,2,FALSE) -> PAVIMENTAÇÃO
A107: 4.1 | B107: =VLOOKUP($A107,$A$16:$J$63,2,FALSE) -> EXECUÇÃO E COMPACTAÇÃO DE BASE E OU SUB BASE PARA PAVIMENTAÇÃO DE MACADAME SECO (E = 15 CM) - EXCLUSIVE CARGA E TRANSPORTE. AF_11/2019 | C107: =VLOOKUP($A107,$A$16:$J$63,3,FALSE) -> m³ | D107: 137.04 | E107: =VLOOKUP($A107,$A$16:$J$63,5,FALSE) -> 109.35 | F107: =VLOOKUP($A107,$A$16:$J$63,6,FALSE) -> 14.91 | G107: =VLOOKUP($A107,$A$16:$J$63,7,FALSE) -> 124.26 | H107: =J107-I107 -> 14985.33 | I107: =TRUNC(D107*F107,2) -> 2043.26 | J107: =TRUNC(D107*G107,2) -> 17028.59 | K107: =VLOOKUP($A107,$A$16:$K$63,11,FALSE) -> 96400
A108: 4.2 | B108: =VLOOKUP($A108,$A$16:$J$63,2,FALSE) -> TRANSPORTE COM CAMINHÃO BASCULANTE DE 10 M³, EM VIA URBANA PAVIMENTADA , DMT 26,30 KM (UNIDADE: M3XKM). AF_07/2020 | C108: =VLOOKUP($A108,$A$16:$J$63,3,FALSE) -> m³ x km | D108: =ROUND(D107*1.1*$O$108,2) -> 3964.57 | E108: =VLOOKUP($A108,$A$16:$J$63,5,FALSE) -> 1.85 | F108: =VLOOKUP($A108,$A$16:$J$63,6,FALSE) -> 0.16 | G108: =VLOOKUP($A108,$A$16:$J$63,7,FALSE) -> 2.01 | H108: =J108-I108 -> 7334.45 | I108: =TRUNC(D108*F108,2) -> 634.33 | J108: =TRUNC(D108*G108,2) -> 7968.78 | K108: =VLOOKUP($A108,$A$16:$K$63,11,FALSE) -> 95875 | O108: 26.3
A109: 4.3 | B109: =VLOOKUP($A109,$A$16:$J$63,2,FALSE) -> EXECUÇÃO E COMPACTAÇÃO DE BASE E OU SUB BASE PARA PAVIMENTAÇÃO DE BRITA GRADUADA SIMPLES (E = 15 CM) - EXCLUSIVE CARGA E TRANSPORTE. AF_11/2019 | C109: =VLOOKUP($A109,$A$16:$J$63,3,FALSE) -> m³ | D109: 127.14 | E109: =VLOOKUP($A109,$A$16:$J$63,5,FALSE) -> 120.35 | F109: =VLOOKUP($A109,$A$16:$J$63,6,FALSE) -> 16.41 | G109: =VLOOKUP($A109,$A$16:$J$63,7,FALSE) -> 136.76 | H109: =J109-I109 -> 15301.3 | I109: =TRUNC(D109*F109,2) -> 2086.36 | J109: =TRUNC(D109*G109,2) -> 17387.66 | K109: =VLOOKUP($A109,$A$16:$K$63,11,FALSE) -> 96396
A110: 4.4 | B110: =VLOOKUP($A110,$A$16:$J$63,2,FALSE) -> TRANSPORTE COM CAMINHÃO BASCULANTE DE 10 M³, EM VIA URBANA PAVIMENTADA , DMT 26,30 KM (UNIDADE: M3XKM). AF_07/2020 | C110: =VLOOKUP($A110,$A$16:$J$63,3,FALSE) -> m³ x km | D110: =ROUND(D109*1.45*$O$110,2) -> 4848.48 | E110: =VLOOKUP($A110,$A$16:$J$63,5,FALSE) -> 1.85 | F110: =VLOOKUP($A110,$A$16:$J$63,6,FALSE) -> 0.16 | G110: =VLOOKUP($A110,$A$16:$J$63,7,FALSE) -> 2.01 | H110: =J110-I110 -> 8969.69 | I110: =TRUNC(D110*F110,2) -> 775.75 | J110: =TRUNC(D110*G110,2) -> 9745.44 | K110: =VLOOKUP($A110,$A$16:$K$63,11,FALSE) -> 95875 | O110: 26.3
A111: 4.5 | B111: =VLOOKUP($A111,$A$16:$J$63,2,FALSE) -> IMPRIMAÇÃO COM CM-30, INCLUSIVE ASFALTO E TRANSPORTE, TAXA= 0,8 L/M² A 1,6 L/M² | C111: =VLOOKUP($A111,$A$16:$J$63,3,FALSE) -> m² | D111: 847.59 | E111: =VLOOKUP($A111,$A$16:$J$63,5,FALSE) -> 10.36 | F111: =VLOOKUP($A111,$A$16:$J$63,6,FALSE) -> 1.15 | G111: =VLOOKUP($A111,$A$16:$J$63,7,FALSE) -> 11.51 | H111: =J111-I111 -> 8781.04 | I111: =TRUNC(D111*F111,2) -> 974.72 | J111: =TRUNC(D111*G111,2) -> 9755.76 | K111: =VLOOKUP($A111,$A$16:$K$63,11,FALSE) -> CPU 05 (96401)
A112: 4.6 | B112: =VLOOKUP($A112,$A$16:$J$63,2,FALSE) -> EXECUÇÃO DE PINTURA DE LIGAÇÃO COM EMULSÃO ASFÁLTICA RR-2C. AF_11/2019 | C112: =VLOOKUP($A112,$A$16:$J$63,3,FALSE) -> m² | D112: 781.59 | E112: =VLOOKUP($A112,$A$16:$J$63,5,FALSE) -> 3.11 | F112: =VLOOKUP($A112,$A$16:$J$63,6,FALSE) -> 0.34 | G112: =VLOOKUP($A112,$A$16:$J$63,7,FALSE) -> 3.45 | H112: =J112-I112 -> 2430.74 | I112: =TRUNC(D112*F112,2) -> 265.74 | J112: =TRUNC(D112*G112,2) -> 2696.48 | K112: =VLOOKUP($A112,$A$16:$K$63,11,FALSE) -> CPU 06 (96402)
...

Sheet CRON. MACRO
A2: =ORÇAMENTO!$A$7 -> CRUZEIRO DO SUL/RS | N2: =ORÇAMENTO!I2 -> Cruzeiro do Sul/RS, janeiro de 2022
A3: =ORÇAMENTO!A8 -> LINHA SÍTIO
A5: =ORÇAMENTO!$B$9 -> 0
A8: CRONOGRAMA FÍSICO/FINANCEIRO - LINHA SÍTIO
A10: ITEM | B10: DESCRIÇÃO DOS SERVIÇOS | C10: TOTAL | D10: % | E10: 1º MÊS | G10: 2º MÊS | I10: 3º MÊS | K10: 4º MÊS | M10: 5º MÊS
E11: % mês | F11: R$ | G11: % mês | H11: R$ | I11: % mês | J11: R$ | K11: % mês | L11: R$ | M11: % mês | N11: R$
A12: 1 | B12: =VLOOKUP($A12,ORÇAMENTO!$A$15:$J$63,2,FALSE) -> SERVIÇOS INICIAIS | C12: =ORÇAMENTO!J23 -> 34837.1 | D12: =C12/$C$17 -> 0.12079932 | E12: 0.4 | F12: =ROUND($C12*E12,2) -> 13934.84 | G12: 0.6 | H12: =ROUND($C12*G12,2) -> 20902.26 | J12: =ROUND($C12*I12,2) -> 0 | L12: =ROUND($C12*K12,2) -> 0 | N12: =ROUND($C12*M12,2) -> 0
A13: 2 | B13: =VLOOKUP($A13,ORÇAMENTO!$A$15:$J$63,2,FALSE) -> TERRAPLENAGEM | C13: =ORÇAMENTO!J32 -> 14905.43 | D13: =C13/$C$17 -> 0.051685294 | E13: 0.7 | F13: =ROUND($C13*E13,2) -> 10433.8 | G13: 0.3 | H13: =ROUND($C13*G13,2) -> 4471.63 | J13: =ROUND($C13*I13,2) -> 0 | L13: =ROUND($C13*K13,2) -> 0 | N13: =ROUND($C13*M13,2) -> 0
A14: 3 | B14: =VLOOKUP($A14,ORÇAMENTO!$A$15:$J$63,2,FALSE) -> DRENAGEM | C14: =ORÇAMENTO!J43 -> 18523.27 | D14: =C14/$C$17 -> 0.064230328 | E14: 0.6 | F14: =ROUND($C14*E14,2) -> 11113.96 | G14: 0.4 | H14: =ROUND($C14*G14,2) -> 7409.31 | J14: =ROUND($C14*I14,2) -> 0 | L14: =ROUND($C14*K14,2) -> 0 | N14: =ROUND($C14*M14,2) -> 0
A15: 4 | B15: =VLOOKUP($A15,ORÇAMENTO!$A$15:$J$63,2,FALSE) -> PAVIMENTAÇÃO | C15: =ORÇAMENTO!J53 -> 209307.2 | D15: =C15/$C$17 -> 0.72578277 | E15: 0.25 | F15: =ROUND($C15*E15,2) -> 52326.8 | G15: 0.75 | H15: =ROUND($C15*G15,2) -> 156980.4 | J15: =ROUND($C15*I15,2) -> 0 | L15: =ROUND($C15*K15,2) -> 0 | N15: =ROUND($C15*M15,2) -> 0
A16: 5 | B16: =VLOOKUP($A16,ORÇAMENTO!$A$15:$J$63,2,FALSE) -> SINALIZAÇÃO | C16: =ORÇAMENTO!J62 -> 10815.22 | D16: =C16/$C$17 -> 0.037502295 | F16: =ROUND($C16*E16,2) -> 0 | G16: 1 | H16: =ROUND($C16*G16,2) -> 10815.22 | J16: =ROUND($C16*I16,2) -> 0 | L16: =ROUND($C16*K16,2) -> 0 | N16: =ROUND($C16*M16,2) -> 0
A17: TOTAIS | C17: =SUM(C12:C16) -> 288388.22 | D17: =SUM(D12:D16) -> 1 | E17: =F17/$C17 -> 0.30448331 | F17: =SUM(F12:F16) -> 87809.4 | G17: =H17/$C17 -> 0.69551669 | H17: =SUM(H12:H16) -> 200578.82 | I17: =J17/$C17 -> 0 | J17: =SUM(J12:J16) -> 0 | K17: =L17/$C17 -> 0 | L17: =SUM(L12:L16) -> 0 | N17: =SUM(N12:N16) -> 0
A18: TOTAL ACUMULADO (R$) | E18: =E17 -> 0.30448331 | F18: =F17 -> 87809.4 | G18: =E18+G17 -> 1 | H18: =H17+F18 -> 288388.22 | I18: =G18+I17 -> 1 | J18: =J17+H18 -> 288388.22 | K18: =I18+K17 -> 1 | L18: =L17+J18 -> 288388.22 | M18: =K18+M17 -> 1 | N18: =N17+L18 -> 288388.22
C25: =ORÇAMENTO!B68 -> Eng. Civil Lorenzo Schnorr Fornari | I25: =ORÇAMENTO!F130 -> Prefeitura Municipal
C26: =ORÇAMENTO!B69 -> CREA RS247702 | I26: =ORÇAMENTO!F131 -> de Cruzeiro do Sul/RS

Sheet BDI
A3: =ORÇAMENTO!A7 -> CRUZEIRO DO SUL/RS | F3: =ORÇAMENTO!I2 -> Cruzeiro do Sul/RS, janeiro de 2022
A4: =ORÇAMENTO!A8 -> LINHA SÍTIO
A9: Cálculo do BDI – Conforme o Acórdão 2.622/2013 – TCU – PLENÁRIO
A10: INFRAESTRUTURA E PAVIMENTAÇÃO ASFÁLTICA DA LINHA SÍTIO
A11: CRUZEIRO DO SUL - RS
A14: Tipo de Obra | B14: Item Componente | C14: Taxas de BDI (%) | F14: Valores
C15: 1° Quartil | D15: Médio | E15: 3° Quartil | F15: Propostos (%)
A16: Construção de Rodovias e Ferrovias | B16: Administração Central (AC) | C16: 3.8 | D16: 4.01 | E16: 4.67 | F16: =E16 -> 4.67
B17: Seguro + Garantia (S+G) | C17: 0.32 | D17: 0.4 | E17: 0.74 | F17: =E17 -> 0.74
B18: Riscos (R) | C18: 0.5 | D18: 0.56 | E18: 0.97 | F18: =E18 -> 0.97
B19: Despesas Financeiras (DF) | C19: 1.02 | D19: 1.11 | E19: 1.21 | F19: =E19 -> 1.21
B20: Lucro (L) | C20: 6.64 | D20: 7.3 | E20: 8.69 | F20: 8.29
B21: Tributos - ISS, PIS, COFINS, CPRB - (T) | C21: Conforme legislação específica | F21: 6.15
F22: 24.23 | H22: CPRB sem des. = | I22: 0
F23: Adotado/Calculado
H25: SELIC (Dezembro) | I25: 14.14
A26: Fórmula utilizada para o cálculo (Acórdão 2.622/2013 – TCU – PLENÁRIO): | H26: DF= | I26: 1.0105518
A28: BDI = {[(1 + AC + S + R + G) x (1 + DF) x (1 + L)] / (1 – T)} - 1
A30: Onde:
A31: PIS = 0,65 %
A32: ISS = 2,50 %
A33: COFINS = 3,00 %
A34: CPRB = 0,00 %
A35: Total de Tributos (T) = 6,15 %
B40: =ORÇAMENTO!B130 -> Eng. Civil Lorenzo Schnorr Fornari | E40: =ORÇAMENTO!F130 -> Prefeitura Municipal
B41: =ORÇAMENTO!B131 -> CREA RS247702 | E41: =ORÇAMENTO!F131 -> de Cruzeiro do Sul/RS

Sheet Encargos Sociais
B2: =ORÇAMENTO!A7 -> CRUZEIRO DO SUL/RS | E2: =ORÇAMENTO!I2 -> Cruzeiro do Sul/RS, janeiro de 2022
B3: =ORÇAMENTO!A8 -> LINHA SÍTIO
B6: RIO GRANDE DO SUL
B9: ENCARGOS SOCIAIS SOBRE A MÃO DE OBRA
B10: CÓDIGO | C10: DESCRIÇÃO | D10: SEM DESONERAÇÃO | J10: COM DESONERAÇÃO | L10: SEM DESONERAÇÃO
D11: HORISTA | E11: MENSALISTA | J11: HORISTA | K11: MENSALISTA | L11: HORISTA | M11: MENSALISTA
D12: % | E12: % | J12: % | K12: % | L12: % | M12: %
B13: GRUPO A
B14: A1 | C14: INSS | D14: =IF($D$10="COM DESONERAÇÃO",J14,L14) -> 0.2 | E14: =IF($D$10="COM DESONERAÇÃO",K14,M14) -> 0.2 | J14: 0 | K14: 0 | L14: 0.2 | M14: 0.2
B15: A2 | C15: SESI | D15: =IF($D$10="COM DESONERAÇÃO",J15,L15) -> 0.015 | E15: =IF($D$10="COM DESONERAÇÃO",K15,M15) -> 0.015 | J15: 0.015 | K15: 0.015 | L15: 0.015 | M15: 0.015
B16: A3 | C16: SENAI | D16: =IF($D$10="COM DESONERAÇÃO",J16,L16) -> 0.01 | E16: =IF($D$10="COM DESONERAÇÃO",K16,M16) -> 0.01 | J16: 0.01 | K16: 0.01 | L16: 0.01 | M16: 0.01
B17: A4 | C17: INCRA | D17: =IF($D$10="COM DESONERAÇÃO",J17,L17) -> 0.002 | E17: =IF($D$10="COM DESONERAÇÃO",K17,M17) -> 0.002 | J17: 0.002 | K17: 0.002 | L17: 0.002 | M17: 0.002
B18: A5 | C18: SEBRAE | D18: =IF($D$10="COM DESONERAÇÃO",J18,L18) -> 0.006 | E18: =IF($D$10="COM DESONERAÇÃO",K18,M18) -> 0.006 | J18: 0.006 | K18: 0.006 | L18: 0.006 | M18: 0.006
B19: A6 | C19: Salário Educação | D19: =IF($D$10="COM DESONERAÇÃO",J19,L19) -> 0.025 | E19: =IF($D$10="COM DESONERAÇÃO",K19,M19) -> 0.025 | J19: 0.025 | K19: 0.025 | L19: 0.025 | M19: 0.025
B20: A7 | C20: Seguro Contra Acidentes de Trabalho | D20: =IF($D$10="COM DESONERAÇÃO",J20,L20) -> 0.03 | E20: =IF($D$10="COM DESONERAÇÃO",K20,M20) -> 0.03 | J20: 0.03 | K20: 0.03 | L20: 0.03 | M20: 0.03
B21: A8 | C21: FGTS | D21: =IF($D$10="COM DESONERAÇÃO",J21,L21) -> 0.08 | E21: =IF($D$10="COM DESONERAÇÃO",K21,M21) -> 0.08 | J21: 0.08 | K21: 0.08 | L21: 0.08 | M21: 0.08
B22: A9 | C22: SECONCI | D22: =IF($D$10="COM DESONERAÇÃO",J22,L22) -> 0 | E22: =IF($D$10="COM DESONERAÇÃO",K22,M22) -> 0 | J22: 0 | K22: 0 | L22: 0 | M22: 0
B23: A | C23: Total | D23: =IF($D$10="COM DESONERAÇÃO",J23,L23) -> 0.368 | E23: =IF($D$10="COM DESONERAÇÃO",K23,M23) -> 0.368 | J23: =SUM(J14:J22) -> 0.168 | K23: =SUM(K14:K22) -> 0.168 | L23: =SUM(L14:L22) -> 0.368 | M23: =SUM(M14:M22) -> 0.368
B24: GRUPO B
B25: B1 | C25: Repouso Semanal Remunerado | D25: =IF($D$10="COM DESONERAÇÃO",J25,L25) -> 0.1793 | E25: =IF($D$10="COM DESONERAÇÃO",K25,M25) -> Não incide | J25: 0.1793 | K25: Não incide | L25: 0.1793 | M25: Não incide
B26: B2 | C26: Feriados | D26: =IF($D$10="COM DESONERAÇÃO",J26,L26) -> 0.0424 | E26: =IF($D$10="COM DESONERAÇÃO",K26,M26) -> Não incide | J26: 0.0424 | K26: Não incide | L26: 0.0424 | M26: Não incide
B27: B3 | C27: Auxílio - Enfermidade | D27: =IF($D$10="COM DESONERAÇÃO",J27,L27) -> 0.0089 | E27: =IF($D$10="COM DESONERAÇÃO",K27,M27) -> 0.0069 | J27: 0.0089 | K27: 0.0069 | L27: 0.0089 | M27: 0.0069
B28: B4 | C28: 13º Salário | D28: =IF($D$10="COM DESONERAÇÃO",J28,L28) -> 0.1077 | E28: =IF($D$10="COM DESONERAÇÃO",K28,M28) -> 0.0833 | J28: 0.1077 | K28: 0.0833 | L28: 0.1077 | M28: 0.0833
B29: B5 | C29: Licença Paternidade | D29: =IF($D$10="COM DESONERAÇÃO",J29,L29) -> 0.0007 | E29: =IF($D$10="COM DESONERAÇÃO",K29,M29) -> 0.0006 | J29: 0.0007 | K29: 0.0006 | L29: 0.0007 | M29: 0.0006
B30: B6 | C30: Faltas Justificadas | D30: =IF($D$10="COM DESONERAÇÃO",J30,L30) -> 0.0072 | E30: =IF($D$10="COM DESONERAÇÃO",K30,M30) -> 0.0056 | J30: 0.0072 | K30: 0.0056 | L30: 0.0072 | M30: 0.0056
B31: B7 | C31: Dias de Chuvas | D31: =IF($D$10="COM DESONERAÇÃO",J31,L31) -> 0.0153 | E31: =IF($D$10="COM DESONERAÇÃO",K31,M31) -> Não incide | J31: 0.0153 | K31: Não incide | L31: 0.0153 | M31: Não incide
B32: B8 | C32: Auxílio Acidente de Trabalho | D32: =IF($D$10="COM DESONERAÇÃO",J32,L32) -> 0.0011 | E32: =IF($D$10="COM DESONERAÇÃO",K32,M32) -> 0.0009 | J32: 0.0011 | K32: 0.0009 | L32: 0.0011 | M32: 0.0009
B33: B9 | C33: Férias Gozadas | D33: =IF($D$10="COM DESONERAÇÃO",J33,L33) -> 0.074 | E33: =IF($D$10="COM DESONERAÇÃO",K33,M33) -> 0.0572 | J33: 0.074 | K33: 0.0572 | L33: 0.074 | M33: 0.0572
B34: B10 | C34: Salário Maternidade | D34: =IF($D$10="COM DESONERAÇÃO",J34,L34) -> 0.0003 | E34: =IF($D$10="COM DESONERAÇÃO",K34,M34) -> 0.0003 | J34: 0.0003 | K34: 0.0003 | L34: 0.0003 | M34: 0.0003
B35: B | C35: Total | D35: =IF($D$10="COM DESONERAÇÃO",J35,L35) -> 0.4369 | E35: =IF($D$10="COM DESONERAÇÃO",K35,M35) -> 0.1548 | J35: =SUM(J25:J34) -> 0.4369 | K35: =SUM(K25:K34) -> 0.1548 | L35: =SUM(L25:L34) -> 0.4369 | M35: =SUM(M25:M34) -> 0.1548
B36: GRUPO C
B37: C1 | C37: Aviso Prévio Indenizado | D37: =IF($D$10="COM DESONERAÇÃO",J37,L37) -> 0.0428 | E37: =IF($D$10="COM DESONERAÇÃO",K37,M37) -> 0.0332 | J37: 0.0428 | K37: 0.0332 | L37: 0.0428 | M37: 0.0332
B38: C2 | C38: Aviso Prévio Trabalhado | D38: =IF($D$10="COM DESONERAÇÃO",J38,L38) -> 0.001 | E38: =IF($D$10="COM DESONERAÇÃO",K38,M38) -> 0.0008 | J38: 0.001 | K38: 0.0008 | L38: 0.001 | M38: 0.0008
B39: C3 | C39: Férias Indenizadas | D39: =IF($D$10="COM DESONERAÇÃO",J39,L39) -> 0.0529 | E39: =IF($D$10="COM DESONERAÇÃO",K39,M39) -> 0.0409 | J39: 0.0529 | K39: 0.0409 | L39: 0.0529 | M39: 0.0409
B40: C4 | C40: Depósito Rescisão Sem Justa Causa | D40: =IF($D$10="COM DESONERAÇÃO",J40,L40) -> 0.0363 | E40: =IF($D$10="COM DESONERAÇÃO",K40,M40) -> 0.0281 | J40: 0.0363 | K40: 0.0281 | L40: 0.0363 | M40: 0.0281
B41: C5 | C41: Indenização Adicional | D41: =IF($D$10="COM DESONERAÇÃO",J41,L41) -> 0.0036 | E41: =IF($D$10="COM DESONERAÇÃO",K41,M41) -> 0.0028 | J41: 0.0036 | K41: 0.0028 | L41: 0.0036 | M41: 0.0028
B42: C | C42: Total | D42: =IF($D$10="COM DESONERAÇÃO",J42,L42) -> 0.1366 | E42: =IF($D$10="COM DESONERAÇÃO",K42,M42) -> 0.1058 | J42: =SUM(J37:J41) -> 0.1366 | K42: =SUM(K37:K41) -> 0.1058 | L42: =SUM(L37:L41) -> 0.1366 | M42: =SUM(M37:M41) -> 0.1058
B43: GRUPO D
B44: D1 | C44: Reincidência de Grupo A sobre Grupo B | D44: =IF($D$10="COM DESONERAÇÃO",J44,L44) -> 0.1608 | E44: =IF($D$10="COM DESONERAÇÃO",K44,M44) -> 0.057 | J44: 0.0734 | K44: 0.026 | L44: 0.1608 | M44: 0.057
B45: D2 | C45: Reincidência de Grupo A sobre Aviso Prévio Trabalhado e Reincidência do FGTS sobre Aviso Prévio Indenizado | D45: =IF($D$10="COM DESONERAÇÃO",J45,L45) -> 0.0038 | E45: =IF($D$10="COM DESONERAÇÃO",K45,M45) -> 0.003 | J45: 0.0036 | K45: 0.0028 | L45: 0.0038 | M45: 0.003
B46: D | C46: Total | D46: =IF($D$10="COM DESONERAÇÃO",J46,L46) -> 0.1646 | E46: =IF($D$10="COM DESONERAÇÃO",K46,M46) -> 0.06 | J46: =SUM(J44:J45) -> 0.077 | K46: =SUM(K44:K45) -> 0.0288 | L46: =SUM(L44:L45) -> 0.1646 | M46: =SUM(M44:M45) -> 0.06
B47: TOTAL(A+B+C+D) | D47: =IF($D$10="COM DESONERAÇÃO",J47,L47) -> 1.1061 | E47: =IF($D$10="COM DESONERAÇÃO",K47,M47) -> 0.6886 | J47: =SUM(J23,J35,J42,J46) -> 0.8185 | K47: =SUM(K23,K35,K42,K46) -> 0.4574 | L47: =SUM(L23,L35,L42,L46) -> 1.1061 | M47: =SUM(M23,M35,M42,M46) -> 0.6886
B48: ENCARGOS SOCIAIS ADOTADOS | D48: =IF($D$10="COM DESONERAÇÃO",J48,L48) -> 0.89735 | I48: Média: | J48: =AVERAGE(J47:K47) -> 0.63795 | L48: =AVERAGE(L47:M47) -> 0.89735
B52: =ORÇAMENTO!B130 -> Eng. Civil Lorenzo Schnorr Fornari | D52: =ORÇAMENTO!F130 -> Prefeitura Municipal
B53: =ORÇAMENTO!B131 -> CREA RS247702 | D53: =ORÇAMENTO!F131 -> de Cruzeiro do Sul/RS

Sheet MOBILIZAÇÃO-CPU 
A4: CPU 03
H5: =ORÇAMENTO!I2 -> Cruzeiro do Sul/RS, janeiro de 2022
A6: CRUZEIRO DO SUL/RS - RS
A7: RODOVIA RS 130
A12: DEMONSTRATIVO DE MOBILIZAÇÃO E DESMOBILIZAÇÃO DE EQUIPAMENTOS
D14: Distâncias de Transporte:
H15: Velocidade média (km/h): | I15: 40
H16: Tempo médio de viagem (h): | I16: =E18/I15/24 -> 0.025
D18: Adotada: | E18: 24 | F18: km
A21: ITEM | B21: DESCRIÇÃO | C21: QUANTIDADE | D21: TEMPO DE VIAGEM | E21: REFERÊNCIA DE PREÇO | G21: NÚMERO DE VIAGENS | H21: VALOR UNITÁRIO (R$/H) | I21: VALOR TOTAL (R$)
E22: TABELA | F22: CÓDIGO
A23: 1 | B23: Transporte de equipamentos pesados
A24: 1.1 | B24: Deslocamento com cavalo mecânico + reboque | C24: =SUM(C25:C34) -> 20 | D24: =$E$18/$I$15 -> 0.6 | E24: SICRO 2 | F24: A9321 | G24: 2 | H24: 200.88 | I24: =ROUND(H24*G24*D24*C24,2) -> 4821.12
A25: 1.2 | B25: Trator de esteiras | C25: 2
A26: 1.3 | B26: Motoniveladora | C26: 2
A27: 1.4 | B27: Retroescavadeira | C27: 2
A28: 1.5 | B28: Escavadeira hidráulica | C28: 2
A29: 1.6 | B29: Rolo compactador liso | C29: 2
A30: 1.7 | B30: Rolo compactador pneus | C30: 2
A31: 1.8 | B31: Rolo compactador pé de carneiro | C31: 2
A32: 1.9 | B32: Rolo compactador pé de tandem | C32: 2
A33: 1.10 | B33: Vibro-acabadora de asfalto | C33: 2
A34: 1.11 | B34: Trator agrícola | C34: 2
H35: SUBTOTAL | I35: =SUM(I24:I34) -> 4821.12
A37: 2 | B37: Deslocamento de veículos
A38: 2.1 | B38: Distribuidor de asfalto | C38: 2 | D38: =$E$18/$I$15 -> 0.6 | E38: SICRO 2 | F38: E9509 | G38: 2 | H38: 159.23 | I38: =H38*G38*D38*C38 -> 382.152
A39: 2.2 | B39: Caminhão tanque | C39: 2 | D39: =$E$18/$I$15 -> 0.6 | E39: SICRO 2 | F39: E9669 | G39: 2 | H39: 160.43 | I39: =H39*G39*D39*C39 -> 385.032
A40: 2.3 | B40: Caminhão pipa | C40: 2 | D40: =$E$18/$I$15 -> 0.6 | E40: SICRO 2 | F40: E9571 | G40: 2 | H40: 196.06 | I40: =H40*G40*D40*C40 -> 470.544
A41: 2.4 | B41: Caminhão basculante 6 m³ | C41: 4 | D41: =$E$18/$I$15 -> 0.6 | E41: SICRO 2 | F41: E9506 | G41: 2 | H41: 114.04 | I41: =H41*G41*D41*C41 -> 547.392
A42: 2.5 | B42: Caminhão basculante 10 m³ | C42: 8 | D42: =$E$18/$I$15 -> 0.6 | E42: SICRO 2 | F42: E9579 | G42: 2 | H42: 156.24 | I42: =H42*G42*D42*C42 -> 1499.904
A43: 2.6 | B43: Caminhão carroceria | C43: 2 | D43: =$E$18/$I$15 -> 0.6 | E43: SICRO 2 | F43: E9508 | G43: 2 | H43: 114.65 | I43: =H43*G43*D43*C43 -> 275.16
H44: SUBTOTAL | I44: =SUM(I38:I43) -> 3560.184
H47: TOTAL | I47: =I44+I35 -> 8381.304
H48: BDI = 24,23% | I48: =ROUND(I47*0.2423,2) -> 2030.79
A49: SICRO JANEIRO/2021 | H49: TOTAL GERAL | I49: =I47+I48 -> 10412.094

Sheet ADM LOCAL-CPU
A4: CPU 04
I6: ='MOBILIZAÇÃO-CPU '!$H$5 -> Cruzeiro do Sul/RS, janeiro de 2022
A8: ='MOBILIZAÇÃO-CPU '!A6 -> CRUZEIRO DO SUL/RS - RS
A9: ='MOBILIZAÇÃO-CPU '!A7 -> RODOVIA RS 130
A13: DEMONSTRATIVO DE ADMINISTRAÇÃO LOCAL
A18: ITEM | B18: DESCRIÇÃO | C18: QUANTIDADE | D18: USO PROD. (h) | E18: USO IMP. (h) | F18: REFERÊNCIA DE PREÇO | H18: VALOR HORA PRODUTIVO (R$/H) | I18: VALOR HORA IMPRODUTIVO (R$/H) | J18: VALOR TOTAL (R$)
F19: TABELA | G19: CÓDIGO
A20: 1 | B20: Equipe Técnica da Obra
A21: 1.1 | B21: Engenheiro Pleno | C21: 1 | D21: =TRUNC(4*2*4,2) -> 32 | F21: SINAPI | G21: 2707 | H21: 105.1 | J21: =H21*D21 -> 3363.2
A22: 1.2 | B22: Encarregado Geral | C22: 1 | D22: =TRUNC(4*4*8,2) -> 128 | F22: SINAPI | G22: 4083 | H22: 42.28 | J22: =H22*D22 -> 5411.84
I23: TOTAL | J23: =SUM(J21:J22) -> 8775.04
I24: BDI = 24,23% | J24: =ROUND(J23*0.2423,2) -> 2126.19
A25: SINAPI AGO/2021 | I25: TOTAL GERAL | J25: =J23+J24 -> 10901.23

Sheet CPU
A1: =ORÇAMENTO!I2 -> Cruzeiro do Sul/RS, janeiro de 2022
A3: SINAPI - SISTEMA NACIONAL DE PESQUISA DE CUSTOS E ÍNDICES DA CONSTRUÇÃO CIVIL (COMPOSIÇÃO DE PREÇOS UNITÁRIOS)
A5: CPU 01 | D5: PLACA RETANGULAR 1,20 x 2,40 M (INFORMAÇÃO) - SUPORTE METÁLICO | H5: UNIDADE
A6: ORDEM | B6: REFERÊNCIA | C6: CÓDIGO | D6: DESCRIÇÃO | E6: UNIDADE | F6: COEFICIENTE | G6: CUSTO UNIT. (R$) | H6: TOTAL (R$)
A7: 1 | B7: SINAPI | C7: 34723 | D7: PLACA DE SINALIZACAO EM CHAPA DE ACO NUM 16 COM PINTURA REFLETIVA | E7: M2 | F7: 2.88 | G7: 519.75 | H7: =ROUND(F7*G7,2) -> 1496.88
A8: 2 | B8: SINAPI | C8: 21014 | D8: TUBO ACO GALVANIZADO COM COSTURA, CLASSE LEVE, DN 65 MM ( 2 1/2"), E = 3,35 MM, * 6,23* KG/M (NBR 5580) | E8: M | F8: 5 | G8: 140.66 | H8: =ROUND(F8*G8,2) -> 703.3
A9: 3 | B9: SINAPI | C9: 88316 | D9: SERVENTE COM ENCARGOS COMPLEMENTARES | E9: h | F9: 2 | G9: 17.76 | H9: =ROUND(F9*G9,2) -> 35.52
F12: CUSTO (m²) | H12: =SUM(H7:H11) -> 2235.7
A13: OBS: | F13: BDI = | G13: 0.2423 | H13: =ROUND(H12*G13,2) -> 541.71
F15: PREÇO FINAL | H15: =H12+H13 -> 2777.41
A18: CPU 02 | D18: SERVICOS TOPOGRAFICOS PARA PAVIMENTACAO, INCLUSIVE NOTA DE SERVICOS, ACOMPANHAMENTO E GREIDE | H18: M2
A19: ORDEM | B19: REFERÊNCIA | C19: CÓDIGO | D19: DESCRIÇÃO | E19: UNIDADE | F19: COEFICIENTE | G19: CUSTO UNIT. (R$) | H19: TOTAL (R$)
A20: 1 | B20: SINAPI | C20: 4460 | D20: SARRAFO NAO APARELHADO *2,5 X 10* CM, EM MACARANDUBA, ANGELIM OU EQUIVALENTE DA REGIAO - BRUTA | E20: M | F20: 0.00288 | G20: 5.61 | H20: =ROUND(F20*G20,2) -> 0.02
A21: 2 | B21: SINAPI | C21: 90781 | D21: TOPOGRAFO COM ENCARGOS COMPLEMENTARES | E21: h | F21: 0.0075 | G21: 31.8 | H21: =ROUND(F21*G21,2) -> 0.24
A22: 3 | B22: SINAPI | C22: 88253 | D22: AUXILIAR DE TOPÓGRAFO COM ENCARGOS COMPLEMENTARES | E22: h | F22: 0.0025 | G22: 13.69 | H22: =ROUND(F22*G22,2) -> 0.03
A23: 4 | B23: SINAPI | C23: 88288 | D23: NIVELADOR COM ENCARGOS COMPLEMENTARES | E23: h | F23: 0.0025 | G23: 16.94 | H23: =ROUND(F23*G23,2) -> 0.04
A24: 5 | B24: SINAPI | C24: 88316 | D24: SERVENTE COM ENCARGOS COMPLEMENTARES | E24: h | F24: 0.0075 | G24: 17.76 | H24: =ROUND(F24*G24,2) -> 0.13
A25: 6 | B25: SINAPI | C25: 92145 | D25: CAMINHONETE CABINE SIMPLES COM MOTOR 1.6 FLEX, CÂMBIO MANUAL, POTÊNCIA 101/104 CV, 2 PORTAS - CHP DIURNO. AF_11/2015 | E25: CHP | F25: 0.001 | G25: 69.66 | H25: =ROUND(F25*G25,2) -> 0.07
F28: CUSTO (m²) | H28: =SUM(H20:H27) -> 0.53
A29: OBS: | F29: BDI = | G29: 0.2423 | H29: =ROUND(H28*G29,2) -> 0.13
F31: PREÇO FINAL | H31: =H28+H29 -> 0.66
A34: 96401 - CPU 05 | D34: EXECUÇÃO DE IMPRIMAÇÃO COM ASFALTO DILUÍDO CM-30. AF_11/2019 | H34: M2
A35: ORDEM | B35: REFERÊNCIA | C35: CÓDIGO | D35: DESCRIÇÃO | E35: UNIDADE | F35: COEFICIENTE | G35: CUSTO UNIT. (R$) | H35: TOTAL (R$)
A36: 1 | B36: SINAPI | C36: 5839 | D36: VASSOURA MECÂNICA REBOCÁVEL C/ ESCOVA CILÍNDRICA LARGURA = 2,44M - CHP DIURNO | E36: CHP | F36: 0.0017 | G36: 9.35 | H36: =ROUND(F36*G36,2) -> 0.02
A37: 2 | B37: SINAPI | C37: 41901 | D37: ASFALTO DILUIDO DE PETROLEO CM-30 (INCLUSIVE IMPOSTOS) | E37: kg | F37: 1.2 | G37: =ROUND(5.45*(1+0.0165+0.076),2) -> 5.95 | H37: =ROUND(F37*G37,2) -> 7.14
A38: 3 | B38: SINAPI | C38: 83362 | D38: ESPARGIDOR DE ASFALTO PRESSURIZADO, TANQUE 6 M3 COM ISOLAÇÃO TÉRMICA AQUECIDO COM 2 MAÇARICOS, COM BARRA ESPARGIDORA 3,60 M, MONTADO SOBRE CAMINHÃO TOCO, PBT 14.300 KG, POTÊNCIA 185 CV - CHP DIURNO. AF_08/2015 | E38: CHP | F38: 0.001 | G38: 224.37 | H38: =ROUND(F38*G38,2) -> 0.22
A39: 4 | B39: SINAPI | C39: 88316 | D39: SERVENTE COM ENCARGOS COMPLEMENTARES | E39: h | F39: 0.002 | G39: 17.76 | H39: =ROUND(F39*G39,2) -> 0.04
A40: 5 | B40: SINAPI | C40: 89035 | D40: TRATOR DE PNEUS, POTÊNCIA 85 CV, TRAÇÃO 4X4, PESO COM LASTRO DE 4.675 KG - CHP DIURNO. AF_06/2014 | E40: CHP | F40: 0.0017 | G40: 142.68 | H40: =ROUND(F40*G40,2) -> 0.24
A41: 6 | B41: SINAPI | C41: 89036 | D41: TRATOR DE PNEUS, POTÊNCIA 85 CV, TRAÇÃO 4X4, PESO COM LASTRO DE 4.675 KG - CHI DIURNO. AF_06/2014 | E41: CHI | F41: 0.0014 | G41: 40.88 | H41: =ROUND(F41*G41,2) -> 0.06
A42: 7 | B42: SINAPI | C42: 91486 | D42: ESPARGIDOR DE ASFALTO PRESSURIZADO, TANQUE 6 M3 COM ISOLAÇÃO TÉRMICA, AQUE CHICIDO COM 2 MAÇARICOS, COM BARRA ESPARGIDORA 3,60 M, MONTADO SOBRE CAMINHÃO TOCO, PBT 14.300 KG, POTÊNCIA 185 CV - CHI DIURNO. AF_08/2015 | E42: CHI | F42: 0.001 | G42: 47.95 | H42: =ROUND(F42*G42,2) -> 0.05
A43: 8 | B43: SINAPI | C43: 102332 | D43: TRANSPORTE COM CAMINHÃO TANQUE DE TRANSPORTE DE MATERIAL ASFÁLTICO DE 20000 L, EM VIA URBANA PAVIMENTADA, DMT 30 KM (UNIDADE: TXKM). AF_07/2020 | E43: TXKM | F43: =ROUND(30*0.0012,2) -> 0.04 | G43: 1.39 | H43: =ROUND(F43*G43,2) -> 0.06
A44: 9 | B44: SINAPI | C44: 102333 | D44: TRANSPORTE COM CAMINHÃO TANQUE DE TRANSPORTE DE MATERIAL ASFÁLTICO DE 20000 L, EM VIA URBANA PAVIMENTADA, DMT 70 KM (UNIDADE: TXKM). AF_07/2020 | E44: TXKM | F44: =ROUND(70*0.0012,2) -> 0.08 | G44: 0.56 | H44: =ROUND(F44*G44,2) -> 0.04
F47: CUSTO (m²) | H47: =SUM(H36:H46) -> 7.87
A48: OBS: | B48: No cálculo dos preços médios mensais divulgados no sítio eletrônico da ANP, somente são considerados os preços à vista dos produtos asfálticos, de acordo com suas regiões de origem, ponderados pelos respectivos volumes comercializados, com todos os impostos incluídos, exceto ICMS (em função das diferenças tributárias existentes entre as unidades da federação), PIS/Pasep e Cofins e sem inclusões de fretes entre origem e destino do produto. | F48: BDI = | G48: 0.2423 | H48: =ROUND(H47*G48,2) -> 1.91
B50: Considerado: 1,65% PIS, 7,6% COFINS | F50: PREÇO FINAL | H50: =H47+H48 -> 9.78
A53: 96402 - CPU 06 | D53: EXECUÇÃO DE PINTURA DE LIGAÇÃO COM EMULSÃO ASFÁLTICA RR-2C. AF_11/2019 | H53: M2
A54: ORDEM | B54: REFERÊNCIA | C54: CÓDIGO | D54: DESCRIÇÃO | E54: UNIDADE | F54: COEFICIENTE | G54: CUSTO UNIT. (R$) | H54: TOTAL (R$)
A55: 1 | B55: SINAPI | C55: 5839 | D55: VASSOURA MECÂNICA REBOCÁVEL COM ESCOVA CILÍNDRICA, LARGURA ÚTIL DE VARRIMENTO DE 2,44 M - CHP DIURNO. AF_06/2014 | E55: CHP | F55: 0.002 | G55: 9.35 | H55: =ROUND(F55*G55,2) -> 0.02
A56: 2 | B56: SINAPI | C56: 5841 | D56: VASSOURA MECÂNICA REBOCÁVEL COM ESCOVA CILÍNDRICA, LARGURA ÚTIL DE VARRIMENTO DE 2,44 M - CHI DIURNO. AF_06/2014 | E56: CHI | F56: 0.004 | G56: 4.45 | H56: =ROUND(F56*G56,2) -> 0.02
A57: 3 | B57: SINAPI | C57: 41903 | D57: EMULSAO ASFALTICA CATIONICA RR-2C PARA USO EM PAVIMENTACAO ASFALTICA (COLETADO CAIXA NA ANP - ACRESCIDO DE ICMS, PIS E COFINS) | E57: kg | F57: 0.45 | G57: =ROUND(3.33*(1+0.0165+0.076),2) -> 3.64 | H57: =ROUND(F57*G57,2) -> 1.64
A58: 4 | B58: SINAPI | C58: 83362 | D58: ESPARGIDOR DE ASFALTO PRESSURIZADO, TANQUE 6 M3 COM ISOLAÇÃO TÉRMICA AQUECIDO COM 2 MAÇARICOS, COM BARRA ESPARGIDORA 3,60 M, MONTADO SOBRE CAMINHÃO TOCO, PBT 14.300 KG, POTÊNCIA 185 CV - CHP DIURNO. AF_08/2015 | E58: CHP | F58: 0.0004 | G58: 224.37 | H58: =ROUND(F58*G58,2) -> 0.09
A59: 5 | B59: SINAPI | C59: 88316 | D59: SERVENTE COM ENCARGOS COMPLEMENTARES | E59: h | F59: 0.0055 | G59: 17.76 | H59: =ROUND(F59*G59,2) -> 0.1
A60: 5 | B60: SINAPI | C60: 89035 | D60: TRATOR DE PNEUS, POTÊNCIA 85 CV, TRAÇÃO 4X4, PESO COM LASTRO DE 4.675 KG - CHP DIURNO. AF_06/2014 | E60: CHP | F60: 0.0017 | G60: 142.68 | H60: =ROUND(F60*G60,2) -> 0.24
A61: 6 | B61: SINAPI | C61: 89036 | D61: TRATOR DE PNEUS, POTÊNCIA 85 CV, TRAÇÃO 4X4, PESO COM LASTRO DE 4.675 KG - CHI DIURNO. AF_06/2014 | E61: CHI | F61: 0.0038 | G61: 40.88 | H61: =ROUND(F61*G61,2) -> 0.16
A62: 8 | B62: SINAPI | C62: 91486 | D62: ESPARGIDOR DE ASFALTO PRESSURIZADO, TANQUE 6 M3 COM ISOLAÇÃO TÉRMICA, AQUE CHICIDO COM 2 MAÇARICOS, COM BARRA ESPARGIDORA 3,60 M, MONTADO SOBRE CAMINHÃO TOCO, PBT 14.300 KG, POTÊNCIA 185 CV - CHI DIURNO. AF_08/2015 | E62: CHI | F62: 0.0051 | G62: 47.95 | H62: =ROUND(F62*G62,2) -> 0.24
A63: 9 | B63: SINAPI | C63: 102332 | D63: TRANSPORTE COM CAMINHÃO TANQUE DE TRANSPORTE DE MATERIAL ASFÁLTICO DE 20000 L, EM VIA URBANA PAVIMENTADA, DMT 30 KM (UNIDADE: TXKM). AF_07/2020 | E63: TXKM | F63: =ROUND(30*0.00045,2) -> 0.01 | G63: 1.39 | H63: =ROUND(F63*G63,2) -> 0.01
A64: 10 | B64: SINAPI | C64: 102333 | D64: TRANSPORTE COM CAMINHÃO TANQUE DE TRANSPORTE DE MATERIAL ASFÁLTICO DE 20000 L, EM VIA URBANA PAVIMENTADA, DMT 70 KM (UNIDADE: TXKM). AF_07/2020 | E64: TXKM | F64: =ROUND(70*0.00045,2) -> 0.03 | G64: 0.56 | H64: =ROUND(F64*G64,2) -> 0.02
F67: CUSTO (m²) | H67: =SUM(H57:H66) -> 2.5
A68: OBS: | B68: No cálculo dos preços médios mensais divulgados no sítio eletrônico da ANP, somente são considerados os preços à vista dos produtos asfálticos, de acordo com suas regiões de origem, ponderados pelos respectivos volumes comercializados, com todos os impostos incluídos, exceto ICMS (em função das diferenças tributárias existentes entre as unidades da federação), PIS/Pasep e Cofins e sem inclusões de fretes entre origem e destino do produto. | F68: BDI = | G68: 0.2423 | H68: =ROUND(H67*G68,2) -> 0.61
B70: Considerado: 1,65% PIS, 7,6% COFINS | F70: PREÇO FINAL | H70: =H67+H68 -> 3.11
A75: 95995 - CPU 07 | D75: EXECUÇÃO DE PAVIMENTO COM APLICAÇÃO DE CONCRETO ASFÁLTICO, CAMADA DE ROLAMENTO - EXCLUSIVE CARGA E TRANSPORTE. AF_11/2019 | H75: M3
A76: ORDEM | B76: REFERÊNCIA | C76: CÓDIGO | D76: DESCRIÇÃO | E76: UNIDADE | F76: COEFICIENTE | G76: CUSTO UNIT. (R$) | H76: TOTAL (R$)
A77: 1 | B77: SINAPI | C77: 101021 | D77: USINAGEM DE CBUQ COM CAP 50/70, PARA CAPA DE ROLAMENTO | E77: T | F77: 2.5548 | G77: =H118 -> 438.04 | H77: =ROUND(F77*G77,2) -> 1119.1
A78: 3 | B78: SINAPI | C78: 5835 | D78: VIBROACABADORA DE ASFALTO SOBRE ESTEIRAS, LARGURA DE PAVIMENTAÇÃO 1,90 M A 5,30 M, POTÊNCIA 105 HP CAPACIDADE 450 T/H - CHP DIURNO. AF_11/2014 | E78: CHP | F78: 0.0464 | G78: 292.97 | H78: =ROUND(F78*G78,2) -> 13.59
A79: 4 | B79: SINAPI | C79: 5837 | D79: VIBROACABADORA DE ASFALTO SOBRE ESTEIRAS, LARGURA DE PAVIMENTAÇÃO 1,90 M A 5,30 M, POTÊNCIA 105 HP CAPACIDADE 450 T/H - CHI DIURNO. AF_11/2014 | E79: CHI | F79: 0.0949 | G79: 111.01 | H79: =ROUND(F79*G79,2) -> 10.53
A80: 2 | B80: SINAPI | C80: 88314 | D80: RASTELEIRO COM ENCARGOS COMPLEMENTARES | E80: h | F80: 1.1301 | G80: 19.06 | H80: =ROUND(F80*G80,2) -> 21.54
A81: 11 | B81: SINAPI | C81: 91386 | D81: CAMINHÃO BASCULANTE 10 M3, TRUCADO CABINE SIMPLES, PESO BRUTO TOTAL 23.000 KG, CARGA ÚTIL MÁXIMA 15.935 KG, DISTÂNCIA ENTRE EIXOS 4,80 M, POTÊNCIA 230 CV INCLUSIVE CAÇAMBA METÁLICA - CHP DIURNO. AF_06/2014 | E81: CHP | F81: 0.0464 | G81: 191.49 | H81: =ROUND(F81*G81,2) -> 8.89
A82: 7 | B82: SINAPI | C82: 95631 | D82: ROLO COMPACTADOR VIBRATORIO TANDEM, ACO LISO, POTENCIA 125 HP, PESO SEM/COM LASTRO 10,20/11,65 T, LARGURA DE TRABALHO 1,73 M - CHP DIURNO. AF_11/2016 | E82: CHP | F82: 0.0805 | G82: 174.61 | H82: =ROUND(F82*G82,2) -> 14.06
A83: 8 | B83: SINAPI | C83: 95632 | D83: ROLO COMPACTADOR VIBRATORIO TANDEM, ACO LISO, POTENCIA 125 HP, PESO SEM/COM LASTRO 10,20/11,65 T, LARGURA DE TRABALHO 1,73 M - CHI DIURNO. AF_11/2016 | E83: CHI | F83: 0.0607 | G83: 62.03 | H83: =ROUND(F83*G83,2) -> 3.77
A84: 10 | B84: SINAPI | C84: 96155 | D84: TRATOR DE PNEUS COM POTÊNCIA DE 85 CV, TRAÇÃO 4X4, COM VASSOURA MECÂNICA ACOPLADA - CHI DIURNO. AF_02/2017 | E84: CHI | F84: 0.1071 | G84: 45.12 | H84: =ROUND(F84*G84,2) -> 4.83
A85: 9 | B85: SINAPI | C85: 96157 | D85: TRATOR DE PNEUS COM POTÊNCIA DE 85 CV, TRAÇÃO 4X4, COM VASSOURA MECÂNICA ACOPLADA - CHP DIURNO. AF_03/2017 | E85: CHP | F85: 0.0341 | G85: 151 | H85: =ROUND(F85*G85,2) -> 5.15
A86: 5 | B86: SINAPI | C86: 96463 | D86: ROLO COMPACTADOR DE PNEUS, ESTATICO, PRESSAO VARIAVEL, POTENCIA 110 HP, PESO SEM/COM LASTRO 10,8/27 T, LARGURA DE ROLAGEM 2,30 M - CHP DIURNO. AF_06/2017 | E86: CHP | F86: 0.0419 | G86: 164.95 | H86: =ROUND(F86*G86,2) -> 6.91
A87: 6 | B87: SINAPI | C87: 96464 | D87: ROLO COMPACTADOR DE PNEUS, ESTATICO, PRESSAO VARIAVEL, POTENCIA 110 HP, PESO SEM/COM LASTRO 10,8/27 T, LARGURA DE ROLAGEM 2,30 M - CHI DIURNO. AF_06/2017 | E87: CHI | F87: 0.099 | G87: 66.54 | H87: =ROUND(F87*G87,2) -> 6.59
F90: CUSTO (m³) | H90: =SUM(H77:H89) -> 1214.96
A91: OBS: | F91: BDI = | G91: 0.2423 | H91: =ROUND(H90*G91,2) -> 294.38
F93: PREÇO FINAL | H93: =H90+H91 -> 1509.34
A98: 101021 - CPU 08 | D98: USINAGEM DE CONCRETO ASFÁLTICO COM CAP 50/70, PARA CAMADA DE ROLAMENTO, PADRÃO DNIT FAIXA C, EM USINA DE ASFALTO CONTÍNUA DE 80 TON/H. AF_03/2020 | H98: T
A99: ORDEM | B99: REFERÊNCIA | C99: CÓDIGO | D99: DESCRIÇÃO | E99: UNIDADE | F99: COEFICIENTE | G99: CUSTO UNIT. (R$) | H99: TOTAL (R$)
A100: 1 | B100: SINAPI | C100: 370 | D100: AREIA MEDIA | E100: M3 | F100: 0.3248 | G100: 66 | H100: =ROUND(F100*G100,2) -> 21.44
A101: 2 | B101: SINAPI | C101: 1106 | D101: CAL HIDRATADA CH-I PARA ARGAMASSAS | E101: kg | F101: 56.2 | G101: 0.68 | H101: =ROUND(F101*G101,2) -> 38.22
A102: 3 | B102: SINAPI | C102: 4720 | D102: PEDRA BRITADA N. 0, OU PEDRISCO (4,8 A 9,5 MM) POSTO PEDREIRA/FORNECEDOR, SEM FRETE | E102: M3 | F102: 0.1998 | G102: 63.85 | H102: =ROUND(F102*G102,2) -> 12.76
A103: 4 | B103: SINAPI | C103: 4721 | D103: PEDRA BRITADA N. 1 OU 19 MM | E103: M3 | F103: 0.0625 | G103: 55.3 | H103: =ROUND(F103*G103,2) -> 3.46
A104: 5 | B104: SINAPI | C104: 5944 | D104: PÁ CARREGADEIRA SOBRE RODAS, POTÊNCIA LÍQUIDA 128 HP, CAPACIDADE DA CAÇAMBA 1,7 A 2,8 M3, PESO OPERACIONAL 11632 KG - CHP DIURNO. AF_06/2014 | E104: CHP | F104: 0.0048 | G104: 152 | H104: =ROUND(F104*G104,2) -> 0.73
A105: 6 | B105: SINAPI | C105: 5944 | D105: PÁ CARREGADEIRA SOBRE RODAS, POTÊNCIA LÍQUIDA 128 HP, CAPACIDADE DA CAÇAMBA 1,7 A 2,8 M3, PESO OPERACIONAL 11632 KG - CHI DIURNO. AF_06/2014 | E105: CHI | F105: 0.0179 | G105: 56.98 | H105: =ROUND(F105*G105,2) -> 1.02
A106: 7 | B106: SINAPI | C106: 7030 | D106: TANQUE DE ASFALTO ESTACIONÁRIO COM SERPENTINA, CAPACIDADE 30.000 L - CHP DIURNO. AF_06/2014 | E106: CHP | F106: 0.0455 | G106: 175.14 | H106: =ROUND(F106*G106,2) -> 7.97
A107: 8 | B107: SINAPI | C107: 41899 | D107: CIMENTO ASFALTICO DE PETROLEO A GRANEL (CAP) 50/70 (INCLUSIVE IMPOSTOS) | E107: T | F107: 0.06323 | G107: =ROUND(4300.75*(1+0.0165+0.076),2) -> 4698.57 | H107: =ROUND(F107*G107,2) -> 297.09
A108: 9 | B108: SINAPI | C108: 88316 | D108: SERVENTE C/ INSALUBRIDADE | E108: h | F108: 0.0455 | G108: 17.76 | H108: =ROUND(F108*G108,2) -> 0.81
A109: 10 | B109: SINAPI | C109: 90766 | D109: ENCARREGADO GERAL COM ENCARGOS COMPLEMENTARES | E109: h | F109: 0.0227 | G109: 44.54 | H109: =ROUND(F109*G109,2) -> 1.01
A110: 11 | B110: SINAPI | C110: 93433 | D110: USINA DE MISTURA ASFÁLTICA À QUENTE, TIPO CONTRA FLUXO, PROD 40 A 80 TON/HORA - CHP DIURNO. AF_03/2016 | E110: CHP | F110: 0.0176 | G110: 2477.37 | H110: =ROUND(F110*G110,2) -> 43.6
A111: 12 | B111: SINAPI | C111: 93434 | D111: USINA DE MISTURA ASFÁLTICA À QUENTE, TIPO CONTRA FLUXO, PROD 40 A 80 TON/HORA - CHI DIURNO. AF_03/2016 | E111: CHI | F111: 0.0051 | G111: 188.77 | H111: =ROUND(F111*G111,2) -> 0.96
A112: 13 | B112: SINAPI | C112: 95872 | D112: GRUPO GERADOR COM CARENAGEM, MOTOR DIESEL POTÊNCIA STANDART ENTRE 250 E 260 KVA - CHP DIURNO. AF_12/2016 | E112: CHP | F112: 0.0176 | G112: 217.06 | H112: =ROUND(F112*G112,2) -> 3.82
A113: 14 | B113: SINAPI | C113: 95873 | D113: GRUPO GERADOR COM CARENAGEM, MOTOR DIESEL POTÊNCIA STANDART ENTRE 250 E 260 KVA - CHI DIURNO. AF_12/2016 | E113: CHI | F113: 0.0051 | G113: 6.65 | H113: =ROUND(F113*G113,2) -> 0.03
A114: 15 | B114: SINAPI | C114: 102332 | D114: TRANSPORTE COM CAMINHÃO TANQUE DE TRANSPORTE DE MATERIAL ASFÁLTICO DE 20000 L, EM VIA URBANA PAVIMENTADA, DMT 30 KM (UNIDADE: TXKM). AF_07/2020 | E114: TXKM | F114: =ROUND(30*0.06323,2) -> 1.9 | G114: 1.39 | H114: =ROUND(F114*G114,2) -> 2.64
A115: 16 | B115: SINAPI | C115: 102333 | D115: TRANSPORTE COM CAMINHÃO TANQUE DE TRANSPORTE DE MATERIAL ASFÁLTICO DE 20000 L, EM VIA URBANA PAVIMENTADA, DMT 70 KM (UNIDADE: TXKM). AF_07/2020 | E115: TXKM | F115: =ROUND(70*0.06323,2) -> 4.43 | G115: 0.56 | H115: =ROUND(F115*G115,2) -> 2.48
F118: CUSTO (ton) | H118: =SUM(H100:H117) -> 438.04
A119: OBS: | B119: No cálculo dos preços médios mensais divulgados no sítio eletrônico da ANP, somente são considerados os preços à vista dos produtos asfálticos, de acordo com suas regiões de origem, ponderados pelos respectivos volumes comercializados, com todos os impostos incluídos, exceto ICMS (em função das diferenças tributárias existentes entre as unidades da federação), PIS/Pasep e Cofins e sem inclusões de fretes entre origem e destino do produto. | F119: BDI = | G119: 0.2423 | H119: =ROUND(H118*G119,2) -> 106.14
B121: Considerado: 1,65% PIS, 7,6% COFINS | F121: PREÇO FINAL | H121: =H118+H119 -> 544.18
A127: CPU 09 | D127: CAIXA COLETORA COM PAREDES EM PEDRA GRÊS, 0,80x0,80, COM FUNDO E TAMPA DE CONCRETO | H127: unid.
A128: ORDEM | B128: REFERÊNCIA | C128: CÓDIGO | D128: DESCRIÇÃO | E128: UNIDADE | F128: COEFICIENTE | G128: CUSTO UNIT. (R$) | H128: TOTAL (R$)
A129: 1 | B129: SINAPI | C129: 88316 | D129: SERVENTE COM ENCARGOS COMPLEMENTARES | E129: h | F129: 15 | G129: 17.76 | H129: =ROUND(F129*G129,2) -> 266.4
A130: 2 | B130: SINAPI | C130: 88309 | D130: PEDREIRO COM ENCARGOS COMPLEMENTARES | E130: h | F130: 15 | G130: 21.53 | H130: =ROUND(F130*G130,2) -> 322.95
A131: 3 | B131: SINAPI | C131: 5678 | D131: RETRO-ESCAVADEIRA, 4 X 4, 86 CV (VU= 5 ANOS) - CHP DIURNO | E131: CHP | F131: 0.6 | G131: 115.3 | H131: =ROUND(F131*G131,2) -> 69.18
A132: 4 | B132: SINAPI | C132: 25070 | D132: PEDRA GRÊS 14X19X39 CM | E132: unid | F132: =ROUND((J133*K133*2)+(J134*K134*2),2) -> 112 | G132: 3.85 | H132: =ROUND(F132*G132,2) -> 431.2 | J132: alterar aqui
A133: 5 | B133: SINAPI | C133: 88631 | D133: ARGAMASSA TRAÇO 1:4 (CIMENTO E AREIA MÉDIA), PREPARO MANUAL. AF_08/2014 | E133: m³ | F133: =(0.4+0.2)*0.2*0.015*F132 -> 0.2016 | G133: 484.12 | H133: =ROUND(F133*G133,2) -> 97.6 | J133: =ROUNDUP(1.2/0.39,0) -> 4 | K133: =ROUNDUP(1.5/0.2,0) -> 8
A134: 6 | B134: SINAPI | C134: 94964 | D134: CONCRETO MAGRO PARA LASTRO FCK = 20MPA, TRAÇO 1:2,7:3 (CIMENTO/ AREIA MÉDIA/ BRITA 1)PREPARO MECÂNICO COM BETONEIRA 400 L. AF_07/2016 | E134: m³ | F134: =1.2*1.2*0.05*1.08 -> 0.07776 | G134: 378.64 | H134: =ROUND(F134*G134,2) -> 29.44 | J134: =ROUNDUP(0.8/0.39,0) -> 3 | K134: =ROUNDUP(1.5/0.2,0) -> 8
A135: 7 | B135: SINAPI | C135: 4721 | D135: PEDRA BRITADA N. 1 OU 19 MM | E135: m³ | F135: =1.2*1.2*0.1 -> 0.144 | G135: 55.3 | H135: =ROUND(F135*G135,2) -> 7.96
A136: 8 | B136: SINAPI | C136: 95875 | D136: TRANSPORTE COMERCIAL DE BRITA | E136: m³/km | F136: =F135*45 -> 6.48 | G136: 1.75 | H136: =ROUND(F136*G136,2) -> 11.34
D138: TAMPA CONCRETO (1,20X1,20X0,10M) / TAMPA DUPLA CONCRETO (1,20X0,60X0,10M)
A139: 9 | B139: SINAPI | C139: 88316 | D139: SERVENTE COM ENCARGOS COMPLEMENTARES | E139: h | F139: 3 | G139: 17.76 | H139: =ROUND(F139*G139,2) -> 53.28
A140: 10 | B140: SINAPI | C140: 88309 | D140: PEDREIRO COM ENCARGOS COMPLEMENTARES | E140: h | F140: 3 | G140: 21.53 | H140: =ROUND(F140*G140,2) -> 64.59
...

Sheet DMT
A1: BASE/CBUQ | B1: Distância (km)
A2: CONPASUL | B2: =43.4+1 -> 44.4
A3: GIOVANELLA | B3: =47.3+1 -> 48.3
A4: TREVISAN | B4: =38.5+1 -> 39.5
A5: DMT MÉDIA = | B5: =ROUNDUP(SUM(B2:B4)/3,0) -> 45
